Workbook
Name DATE: [1]list!$B$728:$B$739
Name DATE: list!$B$728:$B$739
Name DateName: [1]list!$B$728:$C$739
Name DateName: list!$B$728:$C$739
Name EBK_DEIN: [1]list!$B$11:$B$277
Name EBK_DEIN: list!$B$11:$B$277
Name EBK_DEIN2: [1]list!$B$11:$C$277
Name EBK_DEIN2: list!$B$11:$C$277
Name OP_LIST: [1]list!$A$283:$A$319
Name OP_LIST: list!$A$283:$A$319
Name OP_LIST2: [1]list!$A$283:$B$319
Name OP_LIST2: list!$A$283:$B$319
Name PRBK: [1]list!$A$437:$B$725
Name PRBK: list!$A$437:$B$725
Name SMETKA: [1]list!$A$2:$C$7
Name SMETKA: list!$A$2:$C$7

Sheet Cash-Flow-DATA
B1: (бюджетна организация, предприятие по чл. 165, ал. 1 от ЗПФ, поделение) | F1: ЕИК/БУЛСТАТ | G1: код по ЕБК | I1: Web-адрес | L1: e-mail | P1: финансово-правна форма
B2: =+OTCHET!B9 -> ДГ ДЕТЕЛИНА | F2: =+OTCHET!H9 -> 0 | G2: =+OTCHET!F12 -> 5202 | I2: =+OTCHET!H610 -> 0 | L2: =OTCHET!H608 -> 0 | P2: =OTCHET!E15 -> 0 | Q2: =OTCHET!F15 -> БЮДЖЕТ | S2: код от регистъра на бюджетните организации в СЕБРА | T2: =+OTCHET!I9 -> 0
B4: ИНФОРМАЦИЯ ЗА ИЗГОТВЯНЕ НА ОТЧЕТ ЗА КАСОВОТО ИЗПЪЛНЕНИЕ | J4: ГОДИНА | L4: =+Q4 -> 2026 | P4: ГОДИНА | Q4: =+OTCHET!C3 -> 2026 | S4: ОТЧЕТ ЗА КАСОВОТО ИЗПЪЛНЕНИЕ НА БЮДЖЕТА, СМЕТКИТЕ ЗА СЕС И ЧУЖДИТЕ СРЕДСТВА
B6: НА БЮДЖЕТА, СМЕТКИТЕ ЗА СРЕДСТВАТА ОТ ЕВРОПЕЙСКИЯ СЪЮЗ И СМЕТКИТЕ ЗА ЧУЖДИ СРЕДСТВА КЪМ | L6: =OTCHET!F9 -> 46203 | N6: (В ЕВРО) | P6: =OTCHET!F9 -> 46203 | Q6: =+N6 -> (В ЕВРО) | S6: =+Q4 -> 2026
F8: БЮДЖЕТ Годишен уточнен план | G8: БЮДЖЕТ -ОТЧЕТ | I8: Сметки за сред-ства от Европей-ския съюз-инди-кативни разчети | J8: Сметки за сред-ства от Евро-пейския съюз - ОТЧЕТ | L8: Сметки за чуж-ди средства - ОТЧЕТ | N8: ОБЩО КАСОВ ОТЧЕТ | P8: таблица 'OTCHET' Год. уточнен план | Q8: таблица 'OTCHET' ОТЧЕТ | S8: §§ от ЕБК, които се включват в съответния показател
B9: П О К А З А Т Е Л И | F9: =+L4 -> 2026 | G9: =+L6 -> 46203 | I9: =+L4 -> 2026 | J9: =+L6 -> 46203 | L9: =+L6 -> 46203 | N9: =+L6 -> 46203 | P9: =+L4 -> 2026 | Q9: =+L6 -> 46203 | S9: П О К А З А Т Е Л И
B10: (а) | F10: (1) | G10: (2) | I10: (3) | J10: (4) | L10: (5) | N10: (6)=(2)+(4)+(5) | P10: (1) | Q10: (2)
B11: А. ПРИХОДИ, ПОМОЩИ И ДАРЕНИЯ | S11: А. ПРИХОДИ, ПОМОЩИ И ДАРЕНИЯ
B12: I. Постъпления от текущи приходи | S12: I. Постъпления от текущи приходи
B13: 1. Приходи от данъци и осигурителни вноски | F13: =+IF($P$2=0,$P13,0) -> 0 | G13: =+IF($P$2=0,$Q13,0) -> 0 | I13: =+IF(OR($P$2=98,$P$2=42,$P$2=96,$P$2=97),$P13,0) -> 0 | J13: =+IF(OR($P$2=98,$P$2=42,$P$2=96,$P$2=97),$Q13,0) -> 0 | L13: =+IF($P$2=33,$Q13,0) -> 0 | N13: =+ROUND(+G13+J13+L13,0) -> 0 | P13: =+ROUND(OTCHET!E22+OTCHET!E28+OTCHET!E33+OTCHET!E39+OTCHET!E47+OTCHET!E52+OTCHET!E58+OTCHET!E61+OTCHET!E64+OTCHET!E65+OTCHET!E72+OTCHET!E73,0) -> 0 | Q13: =+ROUND(OTCHET!L22+OTCHET!L28+OTCHET!L33+OTCHET!L39+OTCHET!L47+OTCHET!L52+OTCHET!L58+OTCHET!L61+OTCHET!L64+OTCHET!L65+OTCHET!L72+OTCHET!L73,0) -> 0 | S13: приходни §§ 01-00 ÷ 20-00
B14: 2. Приходи от такси и вноски | F14: =+IF($P$2=0,$P14,0) -> 0 | G14: =+IF($P$2=0,$Q14,0) -> 0 | I14: =+IF(OR($P$2=98,$P$2=42,$P$2=96,$P$2=97),$P14,0) -> 0 | J14: =+IF(OR($P$2=98,$P$2=42,$P$2=96,$P$2=97),$Q14,0) -> 0 | L14: =+IF($P$2=33,$Q14,0) -> 0 | N14: =+ROUND(+G14+J14+L14,0) -> 0 | P14: =+ROUND(+OTCHET!E90+OTCHET!E93+OTCHET!E94+OTCHET!E113+OTCHET!E114,0) -> 0 | Q14: =+ROUND(+OTCHET!L90+OTCHET!L93+OTCHET!L94+OTCHET!L113+OTCHET!L114,0) -> 0 | S14: приходни §§ 25-00, 26-00, 27-00, 36-08 и 36-10
B15: в т.ч. приходи от вноски | F15: =+IF($P$2=0,$P15,0) -> 0 | G15: =+IF($P$2=0,$Q15,0) -> 0 | I15: =+IF(OR($P$2=98,$P$2=42,$P$2=96,$P$2=97),$P15,0) -> 0 | J15: =+IF(OR($P$2=98,$P$2=42,$P$2=96,$P$2=97),$Q15,0) -> 0 | L15: =+IF($P$2=33,$Q15,0) -> 0 | N15: =+ROUND(+G15+J15+L15,0) -> 0 | P15: =+ROUND(+OTCHET!E113+OTCHET!E114,0) -> 0 | Q15: =+OTCHET!L113+OTCHET!L114 -> 0 | S15: приходни §§ 36-08 и 36-10
B16: 3. Приходи от административни глоби, санкции и наказателни лихви | F16: =+IF($P$2=0,$P16,0) -> 0 | G16: =+IF($P$2=0,$Q16,0) -> 0 | I16: =+IF(OR($P$2=98,$P$2=42,$P$2=96,$P$2=97),$P16,0) -> 0 | J16: =+IF(OR($P$2=98,$P$2=42,$P$2=96,$P$2=97),$Q16,0) -> 0 | L16: =+IF($P$2=33,$Q16,0) -> 0 | N16: =+ROUND(+G16+J16+L16,0) -> 0 | P16: =+ROUND(+OTCHET!E108+OTCHET!E109,0) -> 0 | Q16: =+ROUND(+OTCHET!L108+OTCHET!L109,0) -> 0 | S16: приходни §§ 28-02 и 28-09
B17: 4. Нетни приходи от продажби на услуги, стоки и продукция | F17: =+IF($P$2=0,$P17,0) -> 0 | G17: =+IF($P$2=0,$Q17,0) -> 0 | I17: =+IF(OR($P$2=98,$P$2=42,$P$2=96,$P$2=97),$P17,0) -> 0 | J17: =+IF(OR($P$2=98,$P$2=42,$P$2=96,$P$2=97),$Q17,0) -> 0 | L17: =+IF($P$2=33,$Q17,0) -> 0 | N17: =+ROUND(+G17+J17+L17,0) -> 0 | P17: =+ROUND(OTCHET!E77,0) -> 0 | Q17: =+ROUND(OTCHET!L77,0) -> 0 | S17: приходeн § 24-04
B18: 5. Приходи от наеми | F18: =+IF($P$2=0,$P18,0) -> 0 | G18: =+IF($P$2=0,$Q18,0) -> 0 | I18: =+IF(OR($P$2=98,$P$2=42,$P$2=96,$P$2=97),$P18,0) -> 0 | J18: =+IF(OR($P$2=98,$P$2=42,$P$2=96,$P$2=97),$Q18,0) -> 0 | L18: =+IF($P$2=33,$Q18,0) -> 0 | N18: =+ROUND(+G18+J18+L18,0) -> 0 | P18: =+ROUND(OTCHET!E78+OTCHET!E79,0) -> 0 | Q18: =+ROUND(OTCHET!L78+OTCHET!L79,0) -> 0 | S18: приходни §§ 24-05 и 24-06
B19: 6. Приходи от концесии и лицензии за ползване на публични активи | F19: =+IF($P$2=0,$P19,0) -> 0 | G19: =+IF($P$2=0,$Q19,0) -> 0 | I19: =+IF(OR($P$2=98,$P$2=42,$P$2=96,$P$2=97),$P19,0) -> 0 | J19: =+IF(OR($P$2=98,$P$2=42,$P$2=96,$P$2=97),$Q19,0) -> 0 | L19: =+IF($P$2=33,$Q19,0) -> 0 | N19: =+ROUND(+G19+J19+L19,0) -> 0 | P19: =+ROUND(OTCHET!E135++OTCHET!E136,0) -> 0 | Q19: =+ROUND(OTCHET!L135++OTCHET!L136,0) -> 0 | S19: приходни §§ 41-00 и 42-00
B20: 7. Приходи от лихви | F20: =+IF($P$2=0,$P20,0) -> 0 | G20: =+IF($P$2=0,$Q20,0) -> 0 | I20: =+IF(OR($P$2=98,$P$2=42,$P$2=96,$P$2=97),$P20,0) -> 0 | J20: =+IF(OR($P$2=98,$P$2=42,$P$2=96,$P$2=97),$Q20,0) -> 0 | L20: =+IF($P$2=33,$Q20,0) -> 0 | N20: =+ROUND(+G20+J20+L20,0) -> 0 | P20: =+ROUND(+SUM(OTCHET!E81:E89),0) -> 0 | Q20: =+ROUND(+SUM(OTCHET!L81:L89),0) -> 0 | S20: приходни §§ 24-08 ÷ 24-19
B21: 8. Приходи от дивиденти и дялово участие | F21: =+IF($P$2=0,$P21,0) -> 0 | G21: =+IF($P$2=0,$Q21,0) -> 0 | I21: =+IF(OR($P$2=98,$P$2=42,$P$2=96,$P$2=97),$P21,0) -> 0 | J21: =+IF(OR($P$2=98,$P$2=42,$P$2=96,$P$2=97),$Q21,0) -> 0 | L21: =+IF($P$2=33,$Q21,0) -> 0 | N21: =+ROUND(+G21+J21+L21,0) -> 0 | P21: =+ROUND(OTCHET!E75+OTCHET!E76+OTCHET!E80,0) -> 0 | Q21: =+ROUND(OTCHET!L75+OTCHET!L76+OTCHET!L80,0) -> 0 | S21: приходни §§ 24-01, 24-03 и 24-07
B22: 9. Други текущи приходи и реализирани курсови разлики | F22: =+IF($P$2=0,$P22,0) -> 0 | G22: =+IF($P$2=0,$Q22,0) -> 0 | I22: =+IF(OR($P$2=98,$P$2=42,$P$2=96,$P$2=97),$P22,0) -> 0 | J22: =+IF(OR($P$2=98,$P$2=42,$P$2=96,$P$2=97),$Q22,0) -> 0 | L22: =+IF($P$2=33,$Q22,0) -> 0 | N22: =+ROUND(+G22+J22+L22,0) -> 0 | P22: =+ROUND(OTCHET!E111+OTCHET!E112+OTCHET!E118,0) -> 0 | Q22: =+ROUND(OTCHET!L111+OTCHET!L112+OTCHET!L118,0) -> 0 | S22: приходни §§ 36-01, 36-05 и 36-19
B23: Общо за група І. Постъпления от текущи приходи | F23: =+ROUND(+SUM(F13,F14,F16,F17,F18,F19,F20,F21,F22),0) -> 0 | G23: =+ROUND(+SUM(G13,G14,G16,G17,G18,G19,G20,G21,G22),0) -> 0 | I23: =+ROUND(+SUM(I13,I14,I16,I17,I18,I19,I20,I21,I22),0) -> 0 | J23: =+ROUND(+SUM(J13,J14,J16,J17,J18,J19,J20,J21,J22),0) -> 0 | L23: =+ROUND(+SUM(L13,L14,L16,L17,L18,L19,L20,L21,L22),0) -> 0 | N23: =+ROUND(+SUM(N13,N14,N16,N17,N18,N19,N20,N21,N22),0) -> 0 | P23: =+ROUND(+SUM(P13,P14,P16,P17,P18,P19,P20,P21,P22),0) -> 0 | Q23: =+ROUND(+SUM(Q13,Q14,Q16,Q17,Q18,Q19,Q20,Q21,Q22),0) -> 0 | S23: сборен ред за група І. Постъпления от текущи приходи
B24: IІ. Реализация на нефинансови активи и конфискувани средства | S24: IІ. Реализация на нефинансови активи и конфискувани средства
B25: 1. Продажба на земя | F25: =+IF($P$2=0,$P25,0) -> 0 | G25: =+IF($P$2=0,$Q25,0) -> 0 | I25: =+IF(OR($P$2=98,$P$2=42,$P$2=96,$P$2=97),$P25,0) -> 0 | J25: =+IF(OR($P$2=98,$P$2=42,$P$2=96,$P$2=97),$Q25,0) -> 0 | L25: =+IF($P$2=33,$Q25,0) -> 0 | N25: =+ROUND(+G25+J25+L25,0) -> 0 | P25: =+ROUND(OTCHET!E133,0) -> 0 | Q25: =+ROUND(OTCHET!L133,0) -> 0 | S25: приходeн § 40-40
B26: 2. Продажба на други нефинансови дълготрайни активи | F26: =+IF($P$2=0,$P26,0) -> 0 | G26: =+IF($P$2=0,$Q26,0) -> 0 | I26: =+IF(OR($P$2=98,$P$2=42,$P$2=96,$P$2=97),$P26,0) -> 0 | J26: =+IF(OR($P$2=98,$P$2=42,$P$2=96,$P$2=97),$Q26,0) -> 0 | L26: =+IF($P$2=33,$Q26,0) -> 0 | N26: =+ROUND(+G26+J26+L26,0) -> 0 | P26: =+ROUND(+SUM(OTCHET!E124:E132)+OTCHET!E134,0) -> 0 | Q26: =+ROUND(+SUM(OTCHET!L124:L132)+OTCHET!L134,0) -> 0 | S26: приходeн § 40-00 без §§ 40-40 и 40-71
B27: 3. Конфиск. средства и продажби на конфискувани и от залог нефин. активи | F27: =+IF($P$2=0,$P27,0) -> 0 | G27: =+IF($P$2=0,$Q27,0) -> 0 | I27: =+IF(OR($P$2=98,$P$2=42,$P$2=96,$P$2=97),$P27,0) -> 0 | J27: =+IF(OR($P$2=98,$P$2=42,$P$2=96,$P$2=97),$Q27,0) -> 0 | L27: =+IF($P$2=33,$Q27,0) -> 0 | N27: =+ROUND(+G27+J27+L27,0) -> 0 | P27: =+ROUND(+OTCHET!E107,0) -> 0 | Q27: =+ROUND(+OTCHET!L107,0) -> 0 | S27: приходeн § 28-01
B28: Общо за група ІІ. Постъпления от продажби на нефинансови активи | F28: =+ROUND(+SUM(F25:F27),0) -> 0 | G28: =+ROUND(+SUM(G25:G27),0) -> 0 | I28: =+ROUND(+SUM(I25:I27),0) -> 0 | J28: =+ROUND(+SUM(J25:J27),0) -> 0 | L28: =+ROUND(+SUM(L25:L27),0) -> 0 | N28: =+ROUND(+SUM(N25:N27),0) -> 0 | P28: =+ROUND(+SUM(P25:P27),0) -> 0 | Q28: =+ROUND(+SUM(Q25:Q27),0) -> 0 | S28: сборен ред за група ІІ. Постъпления от продажби на нефинансови активи
B30: IІI. Внесен ДДС, др. данъци в/у продажбите и коректив за постъпления
B31: 1. Внесен ДДС
B32: 2. Внесен данък върху приходите от стопанска дейност
B33: 3. Внесени други данъци върху продажбите
B34: 4. Коректив за касови постъпления
B35: ІІІ. Внесен ДДС и др. данъци в/у продажбите и коректив за постъпления | F35: =+IF($P$2=0,$P35,0) -> 0 | G35: =+IF($P$2=0,$Q35,0) -> 0 | I35: =+IF(OR($P$2=98,$P$2=42,$P$2=96,$P$2=97),$P35,0) -> 0 | J35: =+IF(OR($P$2=98,$P$2=42,$P$2=96,$P$2=97),$Q35,0) -> 0 | L35: =+IF($P$2=33,$Q35,0) -> 0 | N35: =+ROUND(+G35+J35+L35,0) -> 0 | P35: =+ROUND(+OTCHET!E119+OTCHET!E117,0) -> 0 | Q35: =+ROUND(+OTCHET!L119+OTCHET!L117,0) -> 0 | S35: ІІІ. Внесен ДДС и др. д-ци в/у продажбите и коректив - приходни § 36-18 и 37-00
B36: в т. ч. внесен ДДС | F36: =+IF($P$2=0,$P36,0) -> 0 | G36: =+IF($P$2=0,$Q36,0) -> 0 | I36: =+IF(OR($P$2=98,$P$2=42,$P$2=96,$P$2=97),$P36,0) -> 0 | J36: =+IF(OR($P$2=98,$P$2=42,$P$2=96,$P$2=97),$Q36,0) -> 0 | L36: =+IF($P$2=33,$Q36,0) -> 0 | N36: =+ROUND(+G36+J36+L36,0) -> 0 | P36: =+ROUND(OTCHET!E120,0) -> 0 | Q36: =+ROUND(OTCHET!L120,0) -> 0 | S36: приходен § 37-01
B37: внесен данък в/у приходите от стопанска дейност | F37: =+IF($P$2=0,$P37,0) -> 0 | G37: =+IF($P$2=0,$Q37,0) -> 0 | I37: =+IF(OR($P$2=98,$P$2=42,$P$2=96,$P$2=97),$P37,0) -> 0 | J37: =+IF(OR($P$2=98,$P$2=42,$P$2=96,$P$2=97),$Q37,0) -> 0 | L37: =+IF($P$2=33,$Q37,0) -> 0 | N37: =+ROUND(+G37+J37+L37,0) -> 0 | P37: =+ROUND(OTCHET!E121,0) -> 0 | Q37: =+ROUND(OTCHET!L121,0) -> 0 | S37: приходен § 37-02
B38: внесени други данъци, такси и вноски в/у продажбите | F38: =+IF($P$2=0,$P38,0) -> 0 | G38: =+IF($P$2=0,$Q38,0) -> 0 | I38: =+IF(OR($P$2=98,$P$2=42,$P$2=96,$P$2=97),$P38,0) -> 0 | J38: =+IF(OR($P$2=98,$P$2=42,$P$2=96,$P$2=97),$Q38,0) -> 0 | L38: =+IF($P$2=33,$Q38,0) -> 0 | N38: =+ROUND(+G38+J38+L38,0) -> 0 | P38: =+ROUND(OTCHET!E122,0) -> 0 | Q38: =+ROUND(OTCHET!L122,0) -> 0 | S38: приходен § 37-09
B40: IV. Постъпления от застрахователни обезщетения | F40: =+IF($P$2=0,$P40,0) -> 0 | G40: =+IF($P$2=0,$Q40,0) -> 0 | I40: =+IF(OR($P$2=98,$P$2=42,$P$2=96,$P$2=97),$P40,0) -> 0 | J40: =+IF(OR($P$2=98,$P$2=42,$P$2=96,$P$2=97),$Q40,0) -> 0 | L40: =+IF($P$2=33,$Q40,0) -> 0 | N40: =+ROUND(+G40+J40+L40,0) -> 0 | P40: =+ROUND(OTCHET!E115+OTCHET!E116,0) -> 0 | Q40: =+ROUND(OTCHET!L115+OTCHET!L116,0) -> 0 | S40: IV. Постъпления от застрахователни обезщетения - приходни § 36-11 и 36-12
B41: V. Приходи от помощи и дарения | S41: V. Приходи от помощи и дарения
B42: 1. Помощи и дарения от Европейския съюз | F42: =+IF($P$2=0,$P42,0) -> 0 | G42: =+IF($P$2=0,$Q42,0) -> 0 | I42: =+IF(OR($P$2=98,$P$2=42,$P$2=96,$P$2=97),$P42,0) -> 0 | J42: =+IF(OR($P$2=98,$P$2=42,$P$2=96,$P$2=97),$Q42,0) -> 0 | L42: =+IF($P$2=33,$Q42,0) -> 0 | N42: =+ROUND(+G42+J42+L42,0) -> 0 | P42: =+ROUND(OTCHET!E141+OTCHET!E142+OTCHET!E159+OTCHET!E160,0) -> 0 | Q42: =+ROUND(OTCHET!L141+OTCHET!L142+OTCHET!L159+OTCHET!L160,0) -> 0 | S42: приходни §§ 46-10, 46-20, 48-10 и 48-20
B43: 2. Други помощи и дарения от чужбина | F43: =+IF($P$2=0,$P43,0) -> 0 | G43: =+IF($P$2=0,$Q43,0) -> 0 | I43: =+IF(OR($P$2=98,$P$2=42,$P$2=96,$P$2=97),$P43,0) -> 0 | J43: =+IF(OR($P$2=98,$P$2=42,$P$2=96,$P$2=97),$Q43,0) -> 0 | L43: =+IF($P$2=33,$Q43,0) -> 0 | N43: =+ROUND(+G43+J43+L43,0) -> 0 | P43: =+ROUND(+SUM(OTCHET!E143:E148)+SUM(OTCHET!E161:E166),0) -> 0 | Q43: =+ROUND(+SUM(OTCHET!L143:L148)+SUM(OTCHET!L161:L166),0) -> 0 | S43: приходни §§ 46-30 ÷ 46-80 и §§ 48-30 ÷ 48-80
B44: 3. Други безвъзмездно получени средства по международни и други програми | F44: =+IF($P$2=0,$P44,0) -> 0 | G44: =+IF($P$2=0,$Q44,0) -> 0 | I44: =+IF(OR($P$2=98,$P$2=42,$P$2=96,$P$2=97),$P44,0) -> 0 | J44: =+IF(OR($P$2=98,$P$2=42,$P$2=96,$P$2=97),$Q44,0) -> 0 | L44: =+IF($P$2=33,$Q44,0) -> 0 | N44: =+ROUND(+G44+J44+L44,0) -> 0 | P44: =+ROUND(OTCHET!E149,0) -> 0 | Q44: =+ROUND(OTCHET!L149,0) -> 0 | S44: приходeн § 47-00
B45: 4. Помощи и дарения от страната | F45: =+IF($P$2=0,$P45,0) -> 0 | G45: =+IF($P$2=0,$Q45,0) -> 0 | I45: =+IF(OR($P$2=98,$P$2=42,$P$2=96,$P$2=97),$P45,0) -> 0 | J45: =+IF(OR($P$2=98,$P$2=42,$P$2=96,$P$2=97),$Q45,0) -> 0 | L45: =+IF($P$2=33,$Q45,0) -> 0 | N45: =+ROUND(+G45+J45+L45,0) -> 0 | P45: =+ROUND(OTCHET!E137,0) -> 0 | Q45: =+ROUND(OTCHET!L137,0) -> 0 | S45: приходeн § 45-00
B46: Общо за група V. Приходи от помощи и дарения | F46: =+ROUND(+SUM(F42:F45),0) -> 0 | G46: =+ROUND(+SUM(G42:G45),0) -> 0 | I46: =+ROUND(+SUM(I42:I45),0) -> 0 | J46: =+ROUND(+SUM(J42:J45),0) -> 0 | L46: =+ROUND(+SUM(L42:L45),0) -> 0 | N46: =+ROUND(+SUM(N42:N45),0) -> 0 | P46: =+ROUND(+SUM(P42:P45),0) -> 0 | Q46: =+ROUND(+SUM(Q42:Q45),0) -> 0 | S46: сборен ред за група V. Приходи от помощи и дарения
B48: А. ОБЩО ПРИХОДИ, ПОМОЩИ И ДАРЕНИЯ | F48: =+ROUND(F23+F28+F35+F40+F46,0) -> 0 | G48: =+ROUND(G23+G28+G35+G40+G46,0) -> 0 | I48: =+ROUND(I23+I28+I35+I40+I46,0) -> 0 | J48: =+ROUND(J23+J28+J35+J40+J46,0) -> 0 | L48: =+ROUND(L23+L28+L35+L40+L46,0) -> 0 | N48: =+ROUND(N23+N28+N35+N40+N46,0) -> 0 | P48: =+ROUND(P23+P28+P35+P40+P46,0) -> 0 | Q48: =+ROUND(Q23+Q28+Q35+Q40+Q46,0) -> 0 | S48: сборен ред за А. ОБЩО ПРИХОДИ, ПОМОЩИ И ДАРЕНИЯ
B49: Б. РАЗХОДИ И ПРИДОБИВАНЕ НА НЕФИНАНСОВИ АКТИВИ | S49: Б. РАЗХОДИ И ПРИДОБИВАНЕ НА НЕФИНАНСОВИ АКТИВИ
B50: I. Плащания за текущи нелихвени разходи | S50: I. Плащания за текущи нелихвени разходи
B51: 1. Разходи за издръжка - нефинансови позиции | F51: =+IF($P$2=0,$P51,0) -> 0 | G51: =+IF($P$2=0,$Q51,0) -> 51774 | I51: =+IF(OR($P$2=98,$P$2=42,$P$2=96,$P$2=97),$P51,0) -> 0 | J51: =+IF(OR($P$2=98,$P$2=42,$P$2=96,$P$2=97),$Q51,0) -> 0 | L51: =+IF($P$2=33,$Q51,0) -> 0 | N51: =+ROUND(+G51+J51+L51,0) -> 51774 | P51: =+ROUND(OTCHET!E205-SUM(OTCHET!E217:E219)+OTCHET!E274+IF(+OR(OTCHET!$F$12=5500,OTCHET!$F$12=5600),0,+OTCHET!E300),0) -> 0 | Q51: =+ROUND(OTCHET!L205-SUM(OTCHET!L217:L219)+OTCHET!L274+IF(+OR(OTCHET!$F$12=5500,OTCHET!$F$12=5600),0,+OTCHET!L300),0) -> 51774 | S51: разходни §§ 10-00 (без §§ 10-62, 10-63 и 10-69), 46-00 и § 00-98 (без НОИ и НЗОК)
B52: 2. Разходи за застраховане и други финансови услуги | F52: =+IF($P$2=0,$P52,0) -> 0 | G52: =+IF($P$2=0,$Q52,0) -> 830 | I52: =+IF(OR($P$2=98,$P$2=42,$P$2=96,$P$2=97),$P52,0) -> 0 | J52: =+IF(OR($P$2=98,$P$2=42,$P$2=96,$P$2=97),$Q52,0) -> 0 | L52: =+IF($P$2=33,$Q52,0) -> 0 | N52: =+ROUND(+G52+J52+L52,0) -> 830 | P52: =+ROUND(+SUM(OTCHET!E217:E219),0) -> 0 | Q52: =+ROUND(+SUM(OTCHET!L217:L219),0) -> 830 | S52: разходни §§ 10-62, 10-63 и 10-69
B53: 3. Платени данъци, такси и административни санкции | F53: =+IF($P$2=0,$P53,0) -> 0 | G53: =+IF($P$2=0,$Q53,0) -> 637 | I53: =+IF(OR($P$2=98,$P$2=42,$P$2=96,$P$2=97),$P53,0) -> 0 | J53: =+IF(OR($P$2=98,$P$2=42,$P$2=96,$P$2=97),$Q53,0) -> 0 | L53: =+IF($P$2=33,$Q53,0) -> 0 | N53: =+ROUND(+G53+J53+L53,0) -> 637 | P53: =+ROUND(OTCHET!E223,0) -> 0 | Q53: =+ROUND(OTCHET!L223,0) -> 637 | S53: разходен § 19-00
B54: 4. Разходи за възнаграждения на персонал | F54: =+IF($P$2=0,$P54,0) -> 0 | G54: =+IF($P$2=0,$Q54,0) -> 213242 | I54: =+IF(OR($P$2=98,$P$2=42,$P$2=96,$P$2=97),$P54,0) -> 0 | J54: =+IF(OR($P$2=98,$P$2=42,$P$2=96,$P$2=97),$Q54,0) -> 0 | L54: =+IF($P$2=33,$Q54,0) -> 0 | N54: =+ROUND(+G54+J54+L54,0) -> 213242 | P54: =+ROUND(OTCHET!E187+OTCHET!E190,0) -> 0 | Q54: =+ROUND(OTCHET!L187+OTCHET!L190,0) -> 213242 | S54: разходни §§ 01-00 и 02-00
B55: 5. Разходи за осигурителни вноски | F55: =+IF($P$2=0,$P55,0) -> 0 | G55: =+IF($P$2=0,$Q55,0) -> 45064 | I55: =+IF(OR($P$2=98,$P$2=42,$P$2=96,$P$2=97),$P55,0) -> 0 | J55: =+IF(OR($P$2=98,$P$2=42,$P$2=96,$P$2=97),$Q55,0) -> 0 | L55: =+IF($P$2=33,$Q55,0) -> 0 | N55: =+ROUND(+G55+J55+L55,0) -> 45064 | P55: =+ROUND(OTCHET!E196+OTCHET!E204,0) -> 0 | Q55: =+ROUND(OTCHET!L196+OTCHET!L204,0) -> 45064 | S55: разходни §§ 05-00 и 08-00
B56: Общо за група І. Плащания за текущи нелихвени разходи | F56: =+ROUND(+SUM(F51:F55),0) -> 0 | G56: =+ROUND(+SUM(G51:G55),0) -> 311547 | I56: =+ROUND(+SUM(I51:I55),0) -> 0 | J56: =+ROUND(+SUM(J51:J55),0) -> 0 | L56: =+ROUND(+SUM(L51:L55),0) -> 0 | N56: =+ROUND(+SUM(N51:N55),0) -> 311547 | P56: =+ROUND(+SUM(P51:P55),0) -> 0 | Q56: =+ROUND(+SUM(Q51:Q55),0) -> 311547 | S56: сборен ред за група І. Плащания за текущи нелихвени разходи
B57: IІ. Плащания за придобиване на нефинансови дълготрайни активи | S57: IІ. Плащания за придобиване на нефинансови дълготрайни активи
B58: 1. Придобиване на земя | F58: =+IF($P$2=0,$P58,0) -> 0 | G58: =+IF($P$2=0,$Q58,0) -> 0 | I58: =+IF(OR($P$2=98,$P$2=42,$P$2=96,$P$2=97),$P58,0) -> 0 | J58: =+IF(OR($P$2=98,$P$2=42,$P$2=96,$P$2=97),$Q58,0) -> 0 | L58: =+IF($P$2=33,$Q58,0) -> 0 | N58: =+ROUND(+G58+J58+L58,0) -> 0 | P58: =+ROUND(OTCHET!E290,0) -> 0 | Q58: =+ROUND(OTCHET!L290,0) -> 0 | S58: разходен § 54-00
B59: 2. Придобиване на други дълготрайни материални активи | F59: =+IF($P$2=0,$P59,0) -> 0 | G59: =+IF($P$2=0,$Q59,0) -> 2230 | I59: =+IF(OR($P$2=98,$P$2=42,$P$2=96,$P$2=97),$P59,0) -> 0 | J59: =+IF(OR($P$2=98,$P$2=42,$P$2=96,$P$2=97),$Q59,0) -> 0 | L59: =+IF($P$2=33,$Q59,0) -> 0 | N59: =+ROUND(+G59+J59+L59,0) -> 2230 | P59: =+ROUND(+OTCHET!E278+OTCHET!E279,0) -> 0 | Q59: =+ROUND(+OTCHET!L278+OTCHET!L279,0) -> 2230 | S59: разходни §§ 51-00 и 52-00
B60: 3. Придобиване на нематериални дълготрайни активи | F60: =+IF($P$2=0,$P60,0) -> 0 | G60: =+IF($P$2=0,$Q60,0) -> 0 | I60: =+IF(OR($P$2=98,$P$2=42,$P$2=96,$P$2=97),$P60,0) -> 0 | J60: =+IF(OR($P$2=98,$P$2=42,$P$2=96,$P$2=97),$Q60,0) -> 0 | L60: =+IF($P$2=33,$Q60,0) -> 0 | N60: =+ROUND(+G60+J60+L60,0) -> 0 | P60: =+ROUND(OTCHET!E287,0) -> 0 | Q60: =+ROUND(OTCHET!L287,0) -> 0 | S60: разходен § 53-00
B61: 4. Нето-прираст на държавния резерв и изкупуване на земеделска продукция | F61: =+IF($P$2=0,$P61,0) -> 0 | G61: =+IF($P$2=0,$Q61,0) -> 0 | I61: =+IF(OR($P$2=98,$P$2=42,$P$2=96,$P$2=97),$P61,0) -> 0 | J61: =+IF(OR($P$2=98,$P$2=42,$P$2=96,$P$2=97),$Q61,0) -> 0 | L61: =+IF($P$2=33,$Q61,0) -> 0 | N61: =+ROUND(+G61+J61+L61,0) -> 0 | P61: =+ROUND(OTCHET!E296,0) -> 0 | Q61: =+ROUND(OTCHET!L296,0) -> 0 | S61: разходен § 57-00 и приходeн § 40-71 (-)
B62: в т. ч. постъпления от реализация на държавния резерв (-) | F62: =+IF($P$2=0,$P62,0) -> 0 | G62: =+IF($P$2=0,$Q62,0) -> 0 | I62: =+IF(OR($P$2=98,$P$2=42,$P$2=96,$P$2=97),$P62,0) -> 0 | J62: =+IF(OR($P$2=98,$P$2=42,$P$2=96,$P$2=97),$Q62,0) -> 0 | L62: =+IF($P$2=33,$Q62,0) -> 0 | N62: =+ROUND(+G62+J62+L62,0) -> 0 | P62: =+ROUND(OTCHET!E299,0) -> 0 | Q62: =+ROUND(OTCHET!L299,0) -> 0 | S62: приходeн § 40-71 (-)
B63: Общо за група ІІ. Плащания за на нефинансови дълготрайни активи | F63: =+ROUND(+SUM(F58:F61),0) -> 0 | G63: =+ROUND(+SUM(G58:G61),0) -> 2230 | I63: =+ROUND(+SUM(I58:I61),0) -> 0 | J63: =+ROUND(+SUM(J58:J61),0) -> 0 | L63: =+ROUND(+SUM(L58:L61),0) -> 0 | N63: =+ROUND(+SUM(N58:N61),0) -> 2230 | P63: =+ROUND(+SUM(P58:P61),0) -> 0 | Q63: =+ROUND(+SUM(Q58:Q61),0) -> 2230 | S63: сборен ред за група ІІ. Плащания за на нефинансови дълготрайни активи
B64: III. Плащания за разходи за лихви | S64: III. Плащания за разходи за лихви
B65: 1. Разходи за лихви по банкови заеми и държавни (общински) ценни книжа | F65: =+IF($P$2=0,$P65,0) -> 0 | G65: =+IF($P$2=0,$Q65,0) -> 0 | I65: =+IF(OR($P$2=98,$P$2=42,$P$2=96,$P$2=97),$P65,0) -> 0 | J65: =+IF(OR($P$2=98,$P$2=42,$P$2=96,$P$2=97),$Q65,0) -> 0 | L65: =+IF($P$2=33,$Q65,0) -> 0 | N65: =+ROUND(+G65+J65+L65,0) -> 0 | P65: =+ROUND(OTCHET!E227+OTCHET!E233+SUM(OTCHET!E236:E239),0) -> 0 | Q65: =+ROUND(OTCHET!L227+OTCHET!L233+SUM(OTCHET!L236:L239),0) -> 0 | S65: разходни §§ 21-00 ÷ 28-00
B66: 2. Разходи за лихви по други заеми и дългове | F66: =+IF($P$2=0,$P66,0) -> 0 | G66: =+IF($P$2=0,$Q66,0) -> 0 | I66: =+IF(OR($P$2=98,$P$2=42,$P$2=96,$P$2=97),$P66,0) -> 0 | J66: =+IF(OR($P$2=98,$P$2=42,$P$2=96,$P$2=97),$Q66,0) -> 0 | L66: =+IF($P$2=33,$Q66,0) -> 0 | N66: =+ROUND(+G66+J66+L66,0) -> 0 | P66: =+ROUND(OTCHET!E243,0) -> 0 | Q66: =+ROUND(OTCHET!L243,0) -> 0 | S66: разходен § 29-00
B67: Общо за група ІІІ. Плащания за разходи за лихви | F67: =+ROUND(+SUM(F65:F66),0) -> 0 | G67: =+ROUND(+SUM(G65:G66),0) -> 0 | I67: =+ROUND(+SUM(I65:I66),0) -> 0 | J67: =+ROUND(+SUM(J65:J66),0) -> 0 | L67: =+ROUND(+SUM(L65:L66),0) -> 0 | N67: =+ROUND(+SUM(N65:N66),0) -> 0 | P67: =+ROUND(+SUM(P65:P66),0) -> 0 | Q67: =+ROUND(+SUM(Q65:Q66),0) -> 0 | S67: сборен ред за група ІІІ. Плащания за разходи за лихви
B68: IV. Трансфери към домакинства | S68: IV. Трансфери към домакинства
B69: 1. Осигурителни плащания и други текущи трансфери | F69: =+IF($P$2=0,$P69,0) -> 0 | G69: =+IF($P$2=0,$Q69,0) -> 0 | I69: =+IF(OR($P$2=98,$P$2=42,$P$2=96,$P$2=97),$P69,0) -> 0 | J69: =+IF(OR($P$2=98,$P$2=42,$P$2=96,$P$2=97),$Q69,0) -> 0 | L69: =+IF($P$2=33,$Q69,0) -> 0 | N69: =+ROUND(+G69+J69+L69,0) -> 0 | P69: =+ROUND(+SUM(OTCHET!E258:E261)+IF(+OR(OTCHET!$F$12=5500,OTCHET!$F$12=5600),+OTCHET!E300,0),0) -> 0 | Q69: =+ROUND(+SUM(OTCHET!L258:L261)+IF(+OR(OTCHET!$F$12=5500,OTCHET!$F$12=5600),+OTCHET!L300,0),0) -> 0 | S69: разходни §§ 39-00 ÷ 42-00 (за НОИ и НЗОК - и разходен § 00-98)
B70: 2. Капиталови трансфери към домакинства | F70: =+IF($P$2=0,$P70,0) -> 0 | G70: =+IF($P$2=0,$Q70,0) -> 0 | I70: =+IF(OR($P$2=98,$P$2=42,$P$2=96,$P$2=97),$P70,0) -> 0 | J70: =+IF(OR($P$2=98,$P$2=42,$P$2=96,$P$2=97),$Q70,0) -> 0 | L70: =+IF($P$2=33,$Q70,0) -> 0 | N70: =+ROUND(+G70+J70+L70,0) -> 0 | P70: =+ROUND(+OTCHET!E295,0) -> 0 | Q70: =+ROUND(+OTCHET!L295,0) -> 0 | S70: разходен § 55-04
B71: Общо за група ІV. Трансфери към домакинства | F71: =+ROUND(+SUM(F69:F70),0) -> 0 | G71: =+ROUND(+SUM(G69:G70),0) -> 0 | I71: =+ROUND(+SUM(I69:I70),0) -> 0 | J71: =+ROUND(+SUM(J69:J70),0) -> 0 | L71: =+ROUND(+SUM(L69:L70),0) -> 0 | N71: =+ROUND(+SUM(N69:N70),0) -> 0 | P71: =+ROUND(+SUM(P69:P70),0) -> 0 | Q71: =+ROUND(+SUM(Q69:Q70),0) -> 0 | S71: сборен ред за група ІV. Трансфери към домакинства
B72: V. Субсидии и капиталови трансфери | S72: V. Субсидии и капиталови трансфери
B73: 1. Текущи субсидии и трансфери към други лица | F73: =+IF($P$2=0,$P73,0) -> 0 | G73: =+IF($P$2=0,$Q73,0) -> 0 | I73: =+IF(OR($P$2=98,$P$2=42,$P$2=96,$P$2=97),$P73,0) -> 0 | J73: =+IF(OR($P$2=98,$P$2=42,$P$2=96,$P$2=97),$Q73,0) -> 0 | L73: =+IF($P$2=33,$Q73,0) -> 0 | N73: =+ROUND(+G73+J73+L73,0) -> 0 | P73: =+ROUND(+OTCHET!E252+OTCHET!E268+OTCHET!E272+OTCHET!E273+OTCHET!E276,0) -> 0 | Q73: =+ROUND(+OTCHET!L252+OTCHET!L268+OTCHET!L272+OTCHET!L273+OTCHET!L276,0) -> 0 | S73: разходни §§ 33-00, 43-00, 44-00, 45-00 и 49-01
B74: 2. Капиталови трансфери към други лица | F74: =+IF($P$2=0,$P74,0) -> 0 | G74: =+IF($P$2=0,$Q74,0) -> 0 | I74: =+IF(OR($P$2=98,$P$2=42,$P$2=96,$P$2=97),$P74,0) -> 0 | J74: =+IF(OR($P$2=98,$P$2=42,$P$2=96,$P$2=97),$Q74,0) -> 0 | L74: =+IF($P$2=33,$Q74,0) -> 0 | N74: =+ROUND(+G74+J74+L74,0) -> 0 | P74: =+ROUND(OTCHET!E277+OTCHET!E291-OTCHET!E295,0) -> 0 | Q74: =+ROUND(OTCHET!L277+OTCHET!L291-OTCHET!L295,0) -> 0 | S74: разходни §§ 49-02 и 55-00 (без § 55-04)
B75: Общо за група V. Субсидии и капиталови трансфери | F75: =+ROUND(+SUM(F73:F74),0) -> 0 | G75: =+ROUND(+SUM(G73:G74),0) -> 0 | I75: =+ROUND(+SUM(I73:I74),0) -> 0 | J75: =+ROUND(+SUM(J73:J74),0) -> 0 | L75: =+ROUND(+SUM(L73:L74),0) -> 0 | N75: =+ROUND(+SUM(N73:N74),0) -> 0 | P75: =+ROUND(+SUM(P73:P74),0) -> 0 | Q75: =+ROUND(+SUM(Q73:Q74),0) -> 0 | S75: сборен ред за група V. Субсидии и капиталови трансфери
B77: Б. ОБЩО РАЗХОДИ И ПРИДОБИВАНЕ НА НЕФИНАНСОВИ АКТИВИ | F77: =+ROUND(F56+F63+F67+F71+F75,0) -> 0 | G77: =+ROUND(G56+G63+G67+G71+G75,0) -> 313777 | I77: =+ROUND(I56+I63+I67+I71+I75,0) -> 0 | J77: =+ROUND(J56+J63+J67+J71+J75,0) -> 0 | L77: =+ROUND(L56+L63+L67+L71+L75,0) -> 0 | N77: =+ROUND(N56+N63+N67+N71+N75,0) -> 313777 | P77: =+ROUND(P56+P63+P67+P71+P75,0) -> 0 | Q77: =+ROUND(Q56+Q63+Q67+Q71+Q75,0) -> 313777 | S77: сборен за ред Б. ОБЩО РАЗХОДИ И ПРИДОБИВАНЕ НА НЕФИН. АКТИВИ
B78: В. ТРАНСФЕРИ И БЕЗЛИХВЕНИ ЗАЕМИ М/У БЮДЖ. ОРГАНИЗАЦИИ | S78: В. ТРАНСФЕРИ И БЕЗЛИХВЕНИ ЗАЕМИ М/У БЮДЖ. ОРГАНИЗАЦИИ
B79: 1. Трансфери между бюджетни организации (нето) | F79: =+IF($P$2=0,$P79,0) -> 0 | G79: =+IF($P$2=0,$Q79,0) -> 419566 | I79: =+IF(OR($P$2=98,$P$2=42,$P$2=96,$P$2=97),$P79,0) -> 0 | J79: =+IF(OR($P$2=98,$P$2=42,$P$2=96,$P$2=97),$Q79,0) -> 0 | L79: =+IF($P$2=33,$Q79,0) -> 0 | N79: =+ROUND(+G79+J79+L79,0) -> 419566 | P79: =+ROUND(OTCHET!E422,0) -> 0 | Q79: =+ROUND(OTCHET!L422,0) -> 419566 | S79: трансферни параграфи §§ 30-00 ÷ 32-00 и 60-00 ÷ 69-00
B80: 2. Временни безлихвени заеми между бюджетни организации (нето) | F80: =+IF($P$2=0,$P80,0) -> 0 | G80: =+IF($P$2=0,$Q80,0) -> 0 | I80: =+IF(OR($P$2=98,$P$2=42,$P$2=96,$P$2=97),$P80,0) -> 0 | J80: =+IF(OR($P$2=98,$P$2=42,$P$2=96,$P$2=97),$Q80,0) -> 0 | L80: =+IF($P$2=33,$Q80,0) -> 0 | N80: =+ROUND(+G80+J80+L80,0) -> 0 | P80: =+ROUND(OTCHET!E432,0) -> 0 | Q80: =+ROUND(OTCHET!L432,0) -> 0 | S80: трансферни параграфи §§ 74-00 ÷ 78-00
B81: В. ОБЩО ТРАНСФЕРИ И ЗАЕМИ М/У БЮДЖЕТНИ ОРГАНИЗАЦИИ | F81: =+ROUND(F79+F80,0) -> 0 | G81: =+ROUND(G79+G80,0) -> 419566 | I81: =+ROUND(I79+I80,0) -> 0 | J81: =+ROUND(J79+J80,0) -> 0 | L81: =+ROUND(L79+L80,0) -> 0 | N81: =+ROUND(N79+N80,0) -> 419566 | P81: =+ROUND(P79+P80,0) -> 0 | Q81: =+ROUND(Q79+Q80,0) -> 419566 | S81: сборен ред за В. ОБЩО ТРАНСФЕРИ И ЗАЕМИ М/У БЮДЖ. ОРГАНИЗАЦИИ
B82: =+IF(+SUM(F82:N82)=0,0,"Контрола: дефицит/излишък = финансиране с обратен знак (Г. + Д. = 0)") -> 0 | F82: =+ROUND(F83,0)+ROUND(F84,0) -> 0 | G82: =+ROUND(G83,0)+ROUND(G84,0) -> 0 | I82: =+ROUND(I83,0)+ROUND(I84,0) -> 0 | J82: =+ROUND(J83,0)+ROUND(J84,0) -> 0 | L82: =+ROUND(L83,0)+ROUND(L84,0) -> 0 | N82: =+ROUND(N83,0)+ROUND(N84,0) -> 0 | P82: =+ROUND(P83,0)+ROUND(P84,0) -> 0 | Q82: =+ROUND(Q83,0)+ROUND(Q84,0) -> 0
B83: Г. Бюджетно салдо: Дефицит (-) / излишък (+) = (А. - Б. + В. ) | F83: =+ROUND(F48,0)-ROUND(F77,0)+ROUND(F81,0) -> 0 | G83: =+ROUND(G48,0)-ROUND(G77,0)+ROUND(G81,0) -> 105789 | I83: =+ROUND(I48,0)-ROUND(I77,0)+ROUND(I81,0) -> 0 | J83: =+ROUND(J48,0)-ROUND(J77,0)+ROUND(J81,0) -> 0 | L83: =+ROUND(L48,0)-ROUND(L77,0)+ROUND(L81,0) -> 0 | N83: =+ROUND(N48,0)-ROUND(N77,0)+ROUND(N81,0) -> 105789 | P83: =+ROUND(P48,0)-ROUND(P77,0)+ROUND(P81,0) -> 0 | Q83: =+ROUND(Q48,0)-ROUND(Q77,0)+ROUND(Q81,0) -> 105789 | S83: Г. Бюджетно салдо: Дефицит (-) / излишък (+) = (А. - Б. + В. )
B84: Д. Финансиране на бюджетното салдо (Е. + Ж. + З. - И.) | F84: =+ROUND(F101,0)+ROUND(F120,0)+ROUND(F127,0)-ROUND(F132,0) -> 0 | G84: =+ROUND(G101,0)+ROUND(G120,0)+ROUND(G127,0)-ROUND(G132,0) -> -105789 | I84: =+ROUND(I101,0)+ROUND(I120,0)+ROUND(I127,0)-ROUND(I132,0) -> 0 | J84: =+ROUND(J101,0)+ROUND(J120,0)+ROUND(J127,0)-ROUND(J132,0) -> 0 | L84: =+ROUND(L101,0)+ROUND(L120,0)+ROUND(L127,0)-ROUND(L132,0) -> 0 | N84: =+ROUND(N101,0)+ROUND(N120,0)+ROUND(N127,0)-ROUND(N132,0) -> -105789 | P84: =+ROUND(P101,0)+ROUND(P120,0)+ROUND(P127,0)-ROUND(P132,0) -> 0 | Q84: =+ROUND(Q101,0)+ROUND(Q120,0)+ROUND(Q127,0)-ROUND(Q132,0) -> -105789 | S84: Д. Финансиране на бюджетното салдо (Е. + Ж. + З. - И.)
B85: Е. ОПЕРАЦИИ С ФИНАНСОВИ АКТИВИ | S85: Е. ОПЕРАЦИИ С ФИНАНСОВИ АКТИВИ
B86: I. Придобиване и реализиране на дялове, акции и участия | S86: I. Придобиване и реализиране на дялове, акции и участия
B87: 1. Придобиване на дялове, акции и участия в предприятия (-) | F87: =+IF($P$2=0,$P87,0) -> 0 | G87: =+IF($P$2=0,$Q87,0) -> 0 | I87: =+IF(OR($P$2=98,$P$2=42,$P$2=96,$P$2=97),$P87,0) -> 0 | J87: =+IF(OR($P$2=98,$P$2=42,$P$2=96,$P$2=97),$Q87,0) -> 0 | L87: =+IF($P$2=33,$Q87,0) -> 0 | N87: =+ROUND(+G87+J87+L87,0) -> 0 | P87: =+ROUND(+OTCHET!E465+OTCHET!E466,0) -> 0 | Q87: =+ROUND(+OTCHET!L465+OTCHET!L466,0) -> 0 | S87: финансиращи §§ 70-01 и 70-03
B88: 2. Постъпления от реализация и приватизация на дялове, акциии и участия | F88: =+IF($P$2=0,$P88,0) -> 0 | G88: =+IF($P$2=0,$Q88,0) -> 0 | I88: =+IF(OR($P$2=98,$P$2=42,$P$2=96,$P$2=97),$P88,0) -> 0 | J88: =+IF(OR($P$2=98,$P$2=42,$P$2=96,$P$2=97),$Q88,0) -> 0 | L88: =+IF($P$2=33,$Q88,0) -> 0 | N88: =+ROUND(+G88+J88+L88,0) -> 0 | P88: =+ROUND(OTCHET!E467+OTCHET!E538,0) -> 0 | Q88: =+ROUND(OTCHET!L467+OTCHET!L538,0) -> 0 | S88: финансиращи §§ 70-10 и 90-00
B89: Общо за група І. Придобиване и реализиране на дялове, акции и участия | F89: =+ROUND(+SUM(F87:F88),0) -> 0 | G89: =+ROUND(+SUM(G87:G88),0) -> 0 | I89: =+ROUND(+SUM(I87:I88),0) -> 0 | J89: =+ROUND(+SUM(J87:J88),0) -> 0 | L89: =+ROUND(+SUM(L87:L88),0) -> 0 | N89: =+ROUND(+SUM(N87:N88),0) -> 0 | P89: =+ROUND(+SUM(P87:P88),0) -> 0 | Q89: =+ROUND(+SUM(Q87:Q88),0) -> 0 | S89: Сборен ред за група І. Придобиване и реализиране на дялове, акции и участия
B90: IІ. Предоставени заеми, възмездна фин. помощ и активирани гаранции | S90: IІ. Предоставени заеми, възмездна фин. помощ и активирани гаранции
B91: 1. Предоставени заеми и възмездна финансова помощ (-) | F91: =+IF($P$2=0,$P91,0) -> 0 | G91: =+IF($P$2=0,$Q91,0) -> 0 | I91: =+IF(OR($P$2=98,$P$2=42,$P$2=96,$P$2=97),$P91,0) -> 0 | J91: =+IF(OR($P$2=98,$P$2=42,$P$2=96,$P$2=97),$Q91,0) -> 0 | L91: =+IF($P$2=33,$Q91,0) -> 0 | N91: =+ROUND(+G91+J91+L91,0) -> 0 | P91: =+ROUND(OTCHET!E469+OTCHET!E472+OTCHET!E482,0) -> 0 | Q91: =+ROUND(OTCHET!L469+OTCHET!L472+OTCHET!L482,0) -> 0 | S91: финансиращи §§ 71-01, 72-01 и 79-01
B92: 2. Получени погашения по предоставени заеми и възмездна фин. помощ (+) | F92: =+IF($P$2=0,$P92,0) -> 0 | G92: =+IF($P$2=0,$Q92,0) -> 0 | I92: =+IF(OR($P$2=98,$P$2=42,$P$2=96,$P$2=97),$P92,0) -> 0 | J92: =+IF(OR($P$2=98,$P$2=42,$P$2=96,$P$2=97),$Q92,0) -> 0 | L92: =+IF($P$2=33,$Q92,0) -> 0 | N92: =+ROUND(+G92+J92+L92,0) -> 0 | P92: =+ROUND(OTCHET!E470+OTCHET!E473+OTCHET!E483+OTCHET!E505+IF(+OTCHET!E497>0,+OTCHET!E497,0),0) -> 0 | Q92: =+ROUND(OTCHET!L470+OTCHET!L473+OTCHET!L483+OTCHET!L505+IF(+OTCHET!L497>0,+OTCHET!L497,0),0) -> 0 | S92: финансиращи §§ 71-02, 72-02, 79-02 и 82-00 и § 80-80 (ако е "плюс")
B93: 3. Плащания по активирани гаранции - главници по гарантирани заеми | F93: =+IF($P$2=0,$P93,0) -> 0 | G93: =+IF($P$2=0,$Q93,0) -> 0 | I93: =+IF(OR($P$2=98,$P$2=42,$P$2=96,$P$2=97),$P93,0) -> 0 | J93: =+IF(OR($P$2=98,$P$2=42,$P$2=96,$P$2=97),$Q93,0) -> 0 | L93: =+IF($P$2=33,$Q93,0) -> 0 | N93: =+ROUND(+G93+J93+L93,0) -> 0 | P93: =+ROUND(+SUM(OTCHET!E475:E477),0) -> 0 | Q93: =+ROUND(+SUM(OTCHET!L475:L477),0) -> 0 | S93: финансиращи §§ 73-20, 73-69 и 73-70
B94: 4. Възстановени суми по активирани гаранции - главници | F94: =+IF($P$2=0,$P94,0) -> 0 | G94: =+IF($P$2=0,$Q94,0) -> 0 | I94: =+IF(OR($P$2=98,$P$2=42,$P$2=96,$P$2=97),$P94,0) -> 0 | J94: =+IF(OR($P$2=98,$P$2=42,$P$2=96,$P$2=97),$Q94,0) -> 0 | L94: =+IF($P$2=33,$Q94,0) -> 0 | N94: =+ROUND(+G94+J94+L94,0) -> 0 | P94: =+ROUND(+SUM(OTCHET!E478:E479),0) -> 0 | Q94: =+ROUND(+SUM(OTCHET!L478:L479),0) -> 0 | S94: финансиращи §§ 73-91 и 73-92
B95: Общо за група ІІ. Предоставени заеми, възмездна фин. помощ и гаранции | F95: =+ROUND(+SUM(F91:F94),0) -> 0 | G95: =+ROUND(+SUM(G91:G94),0) -> 0 | I95: =+ROUND(+SUM(I91:I94),0) -> 0 | J95: =+ROUND(+SUM(J91:J94),0) -> 0 | L95: =+ROUND(+SUM(L91:L94),0) -> 0 | N95: =+ROUND(+SUM(N91:N94),0) -> 0 | P95: =+ROUND(+SUM(P91:P94),0) -> 0 | Q95: =+ROUND(+SUM(Q91:Q94),0) -> 0 | S95: Сборен ред за група ІІ. Предоставени заеми, възмездна фин. помощ и гаранции
B96: IІI. Други операции с финансови активи | S96: IІI. Други операции с финансови активи
B97: 1. Нето-операции с други ценни книжа и фин. активи (кеш-мениджмънт) | F97: =+IF($P$2=0,$P97,0) -> 0 | G97: =+IF($P$2=0,$Q97,0) -> 0 | I97: =+IF(OR($P$2=98,$P$2=42,$P$2=96,$P$2=97),$P97,0) -> 0 | J97: =+IF(OR($P$2=98,$P$2=42,$P$2=96,$P$2=97),$Q97,0) -> 0 | L97: =+IF($P$2=33,$Q97,0) -> 0 | N97: =+ROUND(+G97+J97+L97,0) -> 0 | P97: =+ROUND(OTCHET!E539+OTCHET!E544,0) -> 0 | Q97: =+ROUND(OTCHET!L539+OTCHET!L544,0) -> 0 | S97: финансиращи §§ 91-01 и 92-00
B98: 2. Други операции с финансови активи (нето) | F98: =+IF($P$2=0,$P98,0) -> 0 | G98: =+IF($P$2=0,$Q98,0) -> 0 | I98: =+IF(OR($P$2=98,$P$2=42,$P$2=96,$P$2=97),$P98,0) -> 0 | J98: =+IF(OR($P$2=98,$P$2=42,$P$2=96,$P$2=97),$Q98,0) -> 0 | L98: =+IF($P$2=33,$Q98,0) -> 0 | N98: =+ROUND(+G98+J98+L98,0) -> 0 | P98: =+ROUND(+OTCHET!E480+OTCHET!E561+OTCHET!E563,0) -> 0 | Q98: =+ROUND(+OTCHET!L480+OTCHET!L561+OTCHET!L563,0) -> 0 | S98: финансиращи §§ 73-93, 93-36, 93-38
B99: Общо за група ІІІ. Други операции с финансови активи | F99: =+ROUND(+SUM(F97:F98),0) -> 0 | G99: =+ROUND(+SUM(G97:G98),0) -> 0 | I99: =+ROUND(+SUM(I97:I98),0) -> 0 | J99: =+ROUND(+SUM(J97:J98),0) -> 0 | L99: =+ROUND(+SUM(L97:L98),0) -> 0 | N99: =+ROUND(+SUM(N97:N98),0) -> 0 | P99: =+ROUND(+SUM(P97:P98),0) -> 0 | Q99: =+ROUND(+SUM(Q97:Q98),0) -> 0 | S99: Сборен ред за група ІІІ. Други операции с финансови активи
B101: Е. ОБЩО ОПЕРАЦИИ С ФИНАНСОВИ АКТИВИ | F101: =+ROUND(F89+F95+F99,0) -> 0 | G101: =+ROUND(G89+G95+G99,0) -> 0 | I101: =+ROUND(I89+I95+I99,0) -> 0 | J101: =+ROUND(J89+J95+J99,0) -> 0 | L101: =+ROUND(L89+L95+L99,0) -> 0 | N101: =+ROUND(N89+N95+N99,0) -> 0 | P101: =+ROUND(P89+P95+P99,0) -> 0 | Q101: =+ROUND(Q89+Q95+Q99,0) -> 0 | S101: Сборен ред за Е. ОБЩО ОПЕРАЦИИ С ФИНАНСОВИ АКТИВИ
B102: Ж. ОПЕРАЦИИ С ФИНАНСОВИ ПАСИВИ | S102: Ж. ОПЕРАЦИИ С ФИНАНСОВИ ПАСИВИ
B103: I. Емитирани държавни (общински) ценни книжа | S103: I. Емитирани държавни (общински) ценни книжа
B104: 1. Постъпления от емисии на държавни (общински) ценни книжа (+) | F104: =+IF($P$2=0,$P104,0) -> 0 | G104: =+IF($P$2=0,$Q104,0) -> 0 | I104: =+IF(OR($P$2=98,$P$2=42,$P$2=96,$P$2=97),$P104,0) -> 0 | J104: =+IF(OR($P$2=98,$P$2=42,$P$2=96,$P$2=97),$Q104,0) -> 0 | L104: =+IF($P$2=33,$Q104,0) -> 0 | N104: =+ROUND(+G104+J104+L104,0) -> 0 | P104: =+ROUND(OTCHET!E501+OTCHET!E502+OTCHET!E515,0) -> 0 | Q104: =+ROUND(OTCHET!L501+OTCHET!L502+OTCHET!L515,0) -> 0 | S104: финансиращи §§ 81-11, 81-12 и 85-00
B105: 2. Погашения по емисии на държавни (общински) ценни книжа) (-) | F105: =+IF($P$2=0,$P105,0) -> 0 | G105: =+IF($P$2=0,$Q105,0) -> 0 | I105: =+IF(OR($P$2=98,$P$2=42,$P$2=96,$P$2=97),$P105,0) -> 0 | J105: =+IF(OR($P$2=98,$P$2=42,$P$2=96,$P$2=97),$Q105,0) -> 0 | L105: =+IF($P$2=33,$Q105,0) -> 0 | N105: =+ROUND(+G105+J105+L105,0) -> 0 | P105: =+ROUND(OTCHET!E503+OTCHET!E504+OTCHET!E519,0) -> 0 | Q105: =+ROUND(OTCHET!L503+OTCHET!L504+OTCHET!L519,0) -> 0 | S105: финансиращи §§ 81-21, 81-22 и 86-00
B106: Общо за група І. Емитирани държавни (общински) ценни книжа | F106: =+ROUND(+SUM(F104:F105),0) -> 0 | G106: =+ROUND(+SUM(G104:G105),0) -> 0 | I106: =+ROUND(+SUM(I104:I105),0) -> 0 | J106: =+ROUND(+SUM(J104:J105),0) -> 0 | L106: =+ROUND(+SUM(L104:L105),0) -> 0 | N106: =+ROUND(+SUM(N104:N105),0) -> 0 | P106: =+ROUND(+SUM(P104:P105),0) -> 0 | Q106: =+ROUND(+SUM(Q104:Q105),0) -> 0 | S106: Сборен ред за група І. Емитирани държавни (общински) ценни книжа
B107: IІ. Заеми от банки и други лица | S107: IІ. Заеми от банки и други лица
B108: 1. Получени банкови и други заеми (+) | F108: =+IF($P$2=0,$P108,0) -> 0 | G108: =+IF($P$2=0,$Q108,0) -> 0 | I108: =+IF(OR($P$2=98,$P$2=42,$P$2=96,$P$2=97),$P108,0) -> 0 | J108: =+IF(OR($P$2=98,$P$2=42,$P$2=96,$P$2=97),$Q108,0) -> 0 | L108: =+IF($P$2=33,$Q108,0) -> 0 | N108: =+ROUND(+G108+J108+L108,0) -> 0 | P108: =+ROUND(OTCHET!E485+OTCHET!E486+OTCHET!E489+OTCHET!E490+OTCHET!E493+OTCHET!E494+OTCHET!E498+OTCHET!E507+OTCHET!E508+OTCHET!E511+OTCHET!E512,0) -> 0 | Q108: =+ROUND(OTCHET!L485+OTCHET!L486+OTCHET!L489+OTCHET!L490+OTCHET!L493+OTCHET!L494+OTCHET!L498+OTCHET!L507+OTCHET!L508+OTCHET!L511+OTCHET!L512,0) -> 0 | S108: финансиращи §§ 80-11, 80-12, 80-31, 80-32, 80-51, 80-52, 80-97, 83-11, 83-12, 83-71, 83-72
...

Sheet OTCHET-agregirani pokazateli
B8: =VLOOKUP(E15,SMETKA,3,FALSE) -> ОТЧЕТ ЗА КАСОВОТО ИЗПЪЛНЕНИЕ НА БЮДЖЕТА
B11: =+OTCHET!B9 -> ДГ ДЕТЕЛИНА | E11: към | F11: =OTCHET!F9 -> 46203 | G11: ЕИК/БУЛСТАТ | H11: =OTCHET!H9 -> 0 | I11: =OTCHET!I9 -> 0
B12: (наименование на разпоредителя с бюджет) | I12: код от регистъра на бюджетните организации в СЕБРА
B13: =+OTCHET!B12 -> Бургас | E13: =+OTCHET!E12 -> код по ЕБК: | F13: =+OTCHET!F12 -> 5202
B14: (наименование на първостепенния разпоредител с бюджет)
B15: финансово-правна форма | E15: =OTCHET!E15 -> 0 | F15: =OTCHET!F15 -> БЮДЖЕТ
C17: §§ | E17: =CONCATENATE("Годишен уточнен план ",OTCHET!$C$3, " г.") -> Годишен уточнен план 2026 г. | F17: =CONCATENATE("ОТЧЕТ ",OTCHET!$C$3, " г.") -> ОТЧЕТ 2026 г. | G17: ОТЧЕТНИ ДАННИ ЗА: | K17: §§ от ЕБК, които се включват в съответния показател
B18: П О К А З А Т Е Л И | G18: държавни дейности | H18: местни дейности | I18: дофинансиране
B20: (а) | E20: (1) | F20: (2) | G20: (3) | H20: (4) | I20: (5)
A22: 10 | B22: I. ПРИХОДИ, ПОМОЩИ И ДАРЕНИЯ | C22: §§ 01 - 48 | E22: =+E23+E25+E36+E37 -> 0 | F22: =+F23+F25+F36+F37 -> 0 | G22: =+G23+G25+G36+G37 -> 0 | H22: =+H23+H25+H36+H37 -> 0 | I22: =+I23+I25+I36+I37 -> 0 | K22: §§ 01 - 48
A23: 15 | B23: 1. Данъчни приходи | C23: §§ 01 - 20 | E23: =OTCHET!E22+OTCHET!E28+OTCHET!E33+OTCHET!E39+OTCHET!E47+OTCHET!E52+OTCHET!E58+OTCHET!E61+OTCHET!E64+OTCHET!E65+OTCHET!E72+OTCHET!E73 -> 0 | F23: =+G23+H23+I23 -> 0 | G23: =OTCHET!I22+OTCHET!I28+OTCHET!I33+OTCHET!I39+OTCHET!I47+OTCHET!I52+OTCHET!I58+OTCHET!I61+OTCHET!I64+OTCHET!I65+OTCHET!I72+OTCHET!I73 -> 0 | H23: =OTCHET!J22+OTCHET!J28+OTCHET!J33+OTCHET!J39+OTCHET!J47+OTCHET!J52+OTCHET!J58+OTCHET!J61+OTCHET!J64+OTCHET!J65+OTCHET!J72+OTCHET!J73 -> 0 | I23: =OTCHET!K22+OTCHET!K28+OTCHET!K33+OTCHET!K39+OTCHET!K47+OTCHET!K52+OTCHET!K58+OTCHET!K61+OTCHET!K64+OTCHET!K65+OTCHET!K72+OTCHET!K73 -> 0 | K23: §§ 01 - 20
B24: в т. ч. трансфери за отчислени приходи | C24: § 65 | F24: =+G24+H24+I24 -> 0 | K24: § 65
A25: 20 | B25: 2. Други приходи | C25: §§ 24 - 42 | E25: =+E26+E30+E31+E32+E33 -> 0 | F25: =+F26+F30+F31+F32+F33 -> 0 | G25: =+G26+G30+G31+G32+G33 -> 0 | H25: =+H26+H30+H31+H32+H33 -> 0 | I25: =+I26+I30+I31+I32+I33 -> 0 | K25: §§ 24 - 42
A26: 25 | B26: 2.1 Приходи и доходи от собственост | C26: §24 | E26: =OTCHET!E74 -> 0 | F26: =+G26+H26+I26 -> 0 | G26: =OTCHET!I74 -> 0 | H26: =OTCHET!J74 -> 0 | I26: =OTCHET!K74 -> 0 | K26: §24
A27: 26 | B27: в т. ч. вноски от приходи на държавни и общински предприятия и институции | C27: под.§ 24-01 | E27: =OTCHET!E75 -> 0 | F27: =+G27+H27+I27 -> 0 | G27: =OTCHET!I75 -> 0 | H27: =OTCHET!J75 -> 0 | I27: =OTCHET!K75 -> 0 | K27: под.§ 24-01
A28: 30 | B28: нетни приходи от продажба на услуги, стоки и продукция | C28: под.§ 24-04 | E28: =OTCHET!E77 -> 0 | F28: =+G28+H28+I28 -> 0 | G28: =OTCHET!I77 -> 0 | H28: =OTCHET!J77 -> 0 | I28: =OTCHET!K77 -> 0 | K28: под.§ 24-04
A29: 35 | B29: приходи от наеми на имущество и земя | C29: под.§§ 24-05 и 24-06 | E29: =+OTCHET!E78+OTCHET!E79 -> 0 | F29: =+G29+H29+I29 -> 0 | G29: =+OTCHET!I78+OTCHET!I79 -> 0 | H29: =+OTCHET!J78+OTCHET!J79 -> 0 | I29: =+OTCHET!K78+OTCHET!K79 -> 0 | K29: под.§§ 24-05 и 24-06
A30: 40 | B30: 2.2 Приходи от такси | C30: §§ 25 - 27 | E30: =OTCHET!E90+OTCHET!E93+OTCHET!E94 -> 0 | F30: =+G30+H30+I30 -> 0 | G30: =OTCHET!I90+OTCHET!I93+OTCHET!I94 -> 0 | H30: =OTCHET!J90+OTCHET!J93+OTCHET!J94 -> 0 | I30: =OTCHET!K90+OTCHET!K93+OTCHET!K94 -> 0 | K30: §§ 25 - 27
A31: 45 | B31: 2.3 Глоби, санкции и наказателни лихви | C31: §28 | E31: =OTCHET!E106 -> 0 | F31: =+G31+H31+I31 -> 0 | G31: =OTCHET!I106 -> 0 | H31: =OTCHET!J106 -> 0 | I31: =OTCHET!K106 -> 0 | K31: §28
A32: 50 | B32: 2.4 Други неданъчни приходи | C32: §§ 36 - 37 и §§ 41 - 42 | E32: =OTCHET!E110+OTCHET!E119+OTCHET!E135+OTCHET!E136 -> 0 | F32: =+G32+H32+I32 -> 0 | G32: =OTCHET!I110+OTCHET!I119+OTCHET!I135+OTCHET!I136 -> 0 | H32: =OTCHET!J110+OTCHET!J119+OTCHET!J135+OTCHET!J136 -> 0 | I32: =OTCHET!K110+OTCHET!K119+OTCHET!K135+OTCHET!K136 -> 0 | K32: §§ 36 - 37 и §§ 41 - 42
A33: 51 | B33: 2.5 Постъпления от продажба на нефинансови активи | C33: § 40 с изключение на под.§ 40-71 | E33: =OTCHET!E123 -> 0 | F33: =+G33+H33+I33 -> 0 | G33: =OTCHET!I123 -> 0 | H33: =OTCHET!J123 -> 0 | I33: =OTCHET!K123 -> 0 | K33: § 40 с изключение на под.§ 40-71
A34: 52 | F34: =+G34+H34+I34 -> 0
F35: =+G35+H35+I35 -> 0
A36: 60 | B36: 3. Помощи и дарения от страната | C36: § 45 | E36: =+OTCHET!E137 -> 0 | F36: =+G36+H36+I36 -> 0 | G36: =+OTCHET!I137 -> 0 | H36: =+OTCHET!J137 -> 0 | I36: =+OTCHET!K137 -> 0 | K36: § 45
A37: 65 | B37: 4. Помощи и дарения от чужбина | C37: §§ 46 - 48 | E37: =OTCHET!E140+OTCHET!E149+OTCHET!E158 -> 0 | F37: =+G37+H37+I37 -> 0 | G37: =OTCHET!I140+OTCHET!I149+OTCHET!I158 -> 0 | H37: =OTCHET!J140+OTCHET!J149+OTCHET!J158 -> 0 | I37: =OTCHET!K140+OTCHET!K149+OTCHET!K158 -> 0 | K37: §§ 46 - 48
A38: 70 | B38: II. РАЗХОДИ | C38: §§ 01 - 57 | E38: =E39+E43+E44+E46+SUM(E48:E52)+E55 -> 0 | F38: =F39+F43+F44+F46+SUM(F48:F52)+F55 -> 313777 | G38: =G39+G43+G44+G46+SUM(G48:G52)+G55 -> 313777 | H38: =H39+H43+H44+H46+SUM(H48:H52)+H55 -> 0 | I38: =I39+I43+I44+I46+SUM(I48:I52)+I55 -> 0 | K38: §§ 01 - 57
B39: 1. Персонал | E39: =SUM(E40:E42) -> 0 | F39: =SUM(F40:F42) -> 258306 | G39: =SUM(G40:G42) -> 258306 | H39: =SUM(H40:H42) -> 0 | I39: =SUM(I40:I42) -> 0 | K39: §§ 1 - 8
A40: 75 | B40: 1.1. Заплати и възнаграждения за персонала, нает по трудови и служебни прав. | C40: § 01 | E40: =OTCHET!E187 -> 0 | F40: =+G40+H40+I40 -> 196597 | G40: =OTCHET!I187 -> 196597 | H40: =OTCHET!J187 -> 0 | I40: =OTCHET!K187 -> 0 | K40: § 01
A41: 80 | B41: 1.2. Други възнаграждения и плащания за персонала | C41: § 02 | E41: =OTCHET!E190 -> 0 | F41: =+G41+H41+I41 -> 16645 | G41: =OTCHET!I190 -> 16645 | H41: =OTCHET!J190 -> 0 | I41: =OTCHET!K190 -> 0 | K41: § 02
A42: 85 | B42: 1.3. Осигурителни вноски | C42: §§ 05 и 08 | E42: =+OTCHET!E196+OTCHET!E204 -> 0 | F42: =+G42+H42+I42 -> 45064 | G42: =+OTCHET!I196+OTCHET!I204 -> 45064 | H42: =+OTCHET!J196+OTCHET!J204 -> 0 | I42: =+OTCHET!K196+OTCHET!K204 -> 0 | K42: §§ 05 и 08
A43: 90 | B43: 2. Издръжка | C43: §§ 10; 19; 46 | E43: =+OTCHET!E205+OTCHET!E223+OTCHET!E274 -> 0 | F43: =+G43+H43+I43 -> 53241 | G43: =+OTCHET!I205+OTCHET!I223+OTCHET!I274 -> 53241 | H43: =+OTCHET!J205+OTCHET!J223+OTCHET!J274 -> 0 | I43: =+OTCHET!K205+OTCHET!K223+OTCHET!K274 -> 0 | K43: §§ 10; 19; 46
A44: 95 | B44: 3. Лихви | C44: §§ 21 - 29 | E44: =+OTCHET!E227+OTCHET!E233+OTCHET!E236+OTCHET!E237+OTCHET!E238+OTCHET!E239+OTCHET!E243 -> 0 | F44: =+G44+H44+I44 -> 0 | G44: =+OTCHET!I227+OTCHET!I233+OTCHET!I236+OTCHET!I237+OTCHET!I238+OTCHET!I239+OTCHET!I243 -> 0 | H44: =+OTCHET!J227+OTCHET!J233+OTCHET!J236+OTCHET!J237+OTCHET!J238+OTCHET!J239+OTCHET!J243 -> 0 | I44: =+OTCHET!K227+OTCHET!K233+OTCHET!K236+OTCHET!K237+OTCHET!K238+OTCHET!K239+OTCHET!K243 -> 0 | K44: §§ 21 - 29
A45: 100 | B45: в т. ч. външни | C45: §§ 25 - 28; 29-69/29-70 и 29-92 | E45: =+OTCHET!E236+OTCHET!E237+OTCHET!E238+OTCHET!E239+OTCHET!E246+OTCHET!E247+OTCHET!E251 -> 0 | F45: =+G45+H45+I45 -> 0 | G45: =+OTCHET!I236+OTCHET!I237+OTCHET!I238+OTCHET!I239+OTCHET!I246+OTCHET!I247+OTCHET!I251 -> 0 | H45: =+OTCHET!J236+OTCHET!J237+OTCHET!J238+OTCHET!J239+OTCHET!J246+OTCHET!J247+OTCHET!J251 -> 0 | I45: =+OTCHET!K236+OTCHET!K237+OTCHET!K238+OTCHET!K239+OTCHET!K246+OTCHET!K247+OTCHET!K251 -> 0 | K45: §§ 25 - 28; 29-69/29-70 и 29-92
A46: 105 | B46: 4. Социални разходи, стипендии | C46: §§ 39 - 42 | E46: =+OTCHET!E258+OTCHET!E259+OTCHET!E260+OTCHET!E261 -> 0 | F46: =+G46+H46+I46 -> 0 | G46: =+OTCHET!I258+OTCHET!I259+OTCHET!I260+OTCHET!I261 -> 0 | H46: =+OTCHET!J258+OTCHET!J259+OTCHET!J260+OTCHET!J261 -> 0 | I46: =+OTCHET!K258+OTCHET!K259+OTCHET!K260+OTCHET!K261 -> 0 | K46: §§ 39 - 42
A47: 106 | B47: в т. ч. стипендии | C47: § 40 | E47: =+OTCHET!E259 -> 0 | F47: =+G47+H47+I47 -> 0 | G47: =+OTCHET!I259 -> 0 | H47: =+OTCHET!J259 -> 0 | I47: =+OTCHET!K259 -> 0 | K47: § 40
A48: 107 | B48: 5.Субсидии | C48: §§ 43 - 45; 49 | E48: =+OTCHET!E268+OTCHET!E272+OTCHET!E273 -> 0 | F48: =+G48+H48+I48 -> 0 | G48: =+OTCHET!I268+OTCHET!I272+OTCHET!I273 -> 0 | H48: =+OTCHET!J268+OTCHET!J272+OTCHET!J273 -> 0 | I48: =+OTCHET!K268+OTCHET!K272+OTCHET!K273 -> 0 | K48: §§ 43 - 45
A49: 108 | B49: 6. Придобиване на нeфинансови актииви | C49: §§ 51 - 54 | E49: =OTCHET!E278+OTCHET!E279+OTCHET!E287+OTCHET!E290 -> 0 | F49: =+G49+H49+I49 -> 2230 | G49: =OTCHET!I278+OTCHET!I279+OTCHET!I287+OTCHET!I290 -> 2230 | H49: =OTCHET!J278+OTCHET!J279+OTCHET!J287+OTCHET!J290 -> 0 | I49: =OTCHET!K278+OTCHET!K279+OTCHET!K287+OTCHET!K290 -> 0 | K49: §§ 51 - 54
A50: 110 | B50: 7. Капиталови трансфери | C50: § 55 | E50: =+OTCHET!E291 -> 0 | F50: =+G50+H50+I50 -> 0 | G50: =+OTCHET!I291 -> 0 | H50: =+OTCHET!J291 -> 0 | I50: =+OTCHET!K291 -> 0 | K50: § 55
B51: 8. Предоставени текущи и капиталови трансфери за чужбина | E51: =+OTCHET!E275 -> 0 | F51: =+G51+H51+I51 -> 0 | G51: =+OTCHET!I275 -> 0 | H51: =+OTCHET!J275 -> 0 | I51: =+OTCHET!K275 -> 0 | K51: § 49
A52: 115 | B52: 9. Прираст на държавния резерв и изкупуване на земеделска продукция | C52: (+ § 57 - под.§ 40-71) | E52: =+OTCHET!E296 -> 0 | F52: =+G52+H52+I52 -> 0 | G52: =+OTCHET!I296 -> 0 | H52: =+OTCHET!J296 -> 0 | I52: =+OTCHET!K296 -> 0 | K52: (+ § 57 - под.§ 40-71)
A53: 120 | B53: в т. ч. плащания за попълване на държавния резерв | C53: под.§;57-01 | E53: =OTCHET!E297 -> 0 | F53: =+G53+H53+I53 -> 0 | G53: =OTCHET!I297 -> 0 | H53: =OTCHET!J297 -> 0 | I53: =OTCHET!K297 -> 0 | K53: под.§;57-01
A54: 125 | B54: постъпления от продажби на държавния резерв (-) | C54: (-)под.§ 40-71 | E54: =OTCHET!E299 -> 0 | F54: =+G54+H54+I54 -> 0 | G54: =OTCHET!I299 -> 0 | H54: =OTCHET!J299 -> 0 | I54: =OTCHET!K299 -> 0 | K54: (-)под.§ 40-71
A55: 127 | B55: 10. Резерв за непредвидини и неотложни разходи | C55: §;00-98 | E55: =+OTCHET!E300 -> 0 | F55: =+G55+H55+I55 -> 0 | G55: =+OTCHET!I300 -> 0 | H55: =+OTCHET!J300 -> 0 | I55: =+OTCHET!K300 -> 0 | K55: §;00-98
A56: 130 | B56: III. Трансфери | C56: §§ 30 - 31; 32; 60 - 67; 69; 74 - 78 | E56: =+E57+E58+E62 -> 0 | F56: =+F57+F58+F62 -> 419566 | G56: =+G57+G58+G62 -> 419566 | H56: =+H57+H58+H62 -> 0 | I56: =+I57+I58+I62 -> 0 | K56: §§ 30 - 31; 32; 60 - 67; 69; 74 - 78
A57: 135 | B57: 1. Трансфери от/за ЦБ за/от други бюджети | C57: §§ 30 - 31; 60 | E57: =+OTCHET!E364+OTCHET!E378+OTCHET!E391 -> 0 | F57: =+G57+H57+I57 -> 0 | G57: =+OTCHET!I364+OTCHET!I378+OTCHET!I391 -> 0 | H57: =+OTCHET!J364+OTCHET!J378+OTCHET!J391 -> 0 | I57: =+OTCHET!K364+OTCHET!K378+OTCHET!K391 -> 0 | K57: §§ 30 - 31; 60
A58: 140 | B58: 2. Други трансфери | C58: §§ 32; 61- 67; 74 - 78 | E58: =+OTCHET!E386+OTCHET!E394+OTCHET!E399+OTCHET!E402+OTCHET!E405+OTCHET!E408+OTCHET!E409+OTCHET!E412+OTCHET!E425+OTCHET!E426+OTCHET!E427+OTCHET!E428+OTCHET!E429 -> 0 | F58: =+G58+H58+I58 -> 419566 | G58: =+OTCHET!I386+OTCHET!I394+OTCHET!I399+OTCHET!I402+OTCHET!I405+OTCHET!I408+OTCHET!I409+OTCHET!I412+OTCHET!I425+OTCHET!I426+OTCHET!I427+OTCHET!I428+OTCHET!I429 -> 419566 | H58: =+OTCHET!J386+OTCHET!J394+OTCHET!J399+OTCHET!J402+OTCHET!J405+OTCHET!J408+OTCHET!J409+OTCHET!J412+OTCHET!J425+OTCHET!J426+OTCHET!J427+OTCHET!J428+OTCHET!J429 -> 0 | I58: =+OTCHET!K386+OTCHET!K394+OTCHET!K399+OTCHET!K402+OTCHET!K405+OTCHET!K408+OTCHET!K409+OTCHET!K412+OTCHET!K425+OTCHET!K426+OTCHET!K427+OTCHET!K428+OTCHET!K429 -> 0 | K58: §§ 32; 61- 67; 74 - 78
A59: 145 | B59: в т. ч. временни безлихвени заеми | C59: §§ 74 - 78 | E59: =+OTCHET!E425+OTCHET!E426+OTCHET!E427+OTCHET!E428+OTCHET!E429 -> 0 | F59: =+G59+H59+I59 -> 0 | G59: =+OTCHET!I425+OTCHET!I426+OTCHET!I427+OTCHET!I428+OTCHET!I429 -> 0 | H59: =+OTCHET!J425+OTCHET!J426+OTCHET!J427+OTCHET!J428+OTCHET!J429 -> 0 | I59: =+OTCHET!K425+OTCHET!K426+OTCHET!K427+OTCHET!K428+OTCHET!K429 -> 0 | K59: §§ 74 - 78
A60: 150 | B60: трансфери за отчислени постъпления | C60: § 65 | E60: =OTCHET!E408 -> 0 | F60: =+G60+H60+I60 -> 0 | G60: =OTCHET!I408 -> 0 | H60: =OTCHET!J408 -> 0 | I60: =OTCHET!K408 -> 0 | K60: § 65
A61: 160 | F61: =+G61+H61+I61 -> 0
A62: 162 | B62: 3. Трансфери за поети осигурителни вноски и данъци | C62: § 69 | E62: =OTCHET!E415 -> 0 | F62: =+G62+H62+I62 -> 0 | G62: =OTCHET!I415 -> 0 | H62: =OTCHET!J415 -> 0 | I62: =OTCHET!K415 -> 0 | K62: § 69
A63: 165 | B63: IV. Вноска в общия бюджет на ЕС | C63: § 33 | E63: =+OTCHET!E252 -> 0 | F63: =+G63+H63+I63 -> 0 | G63: =+OTCHET!I252 -> 0 | H63: =+OTCHET!J252 -> 0 | I63: =+OTCHET!K252 -> 0 | K63: § 33
A64: 175 | B64: V. Дефицит / излишък = I - II +III - IV | E64: =+E22-E38+E56-E63 -> 0 | F64: =+F22-F38+F56-F63 -> 105789 | G64: =+G22-G38+G56-G63 -> 105789 | H64: =+H22-H38+H56-H63 -> 0 | I64: =+I22-I38+I56-I63 -> 0
A65: 180 | B65: =+IF(+SUM(E$65:I$65)=0,0,"Контрола: дефицит/излишък = финансиране с обратен знак (V. + VІ. = 0)") -> 0 | E65: =+E$64+E$66 -> 0 | F65: =+F$64+F$66 -> 0 | G65: =+G$64+G$66 -> 0 | H65: =+H$64+H$66 -> 0 | I65: =+I$64+I$66 -> 0
A66: 185 | B66: VI. Финансиране | C66: §§ 70 - 98 | E66: =SUM(+E68+E76+E77+E84+E85+E86+E89+E90+E91+E92+E93+E94+E95) -> 0 | F66: =SUM(+F68+F76+F77+F84+F85+F86+F89+F90+F91+F92+F93+F94+F95) -> -105789 | G66: =SUM(+G68+G76+G77+G84+G85+G86+G89+G90+G91+G92+G93+G94+G95) -> -105789 | H66: =SUM(+H68+H76+H77+H84+H85+H86+H89+H90+H91+H92+H93+H94+H95) -> 0 | I66: =SUM(+I68+I76+I77+I84+I85+I86+I89+I90+I91+I92+I93+I94+I95) -> 0 | K66: §§ 70 - 98
A67: 190 | F67: =+G67+H67+I67 -> 0
A68: 195 | B68: 1. Външно финансиране | C68: §§ 80 - 82; 92-01; 95-21/95-22; 95-28/95-29 и 95-49 | E68: =SUM(E69:E75) -> 0 | F68: =SUM(F69:F75) -> 0 | G68: =SUM(G69:G75) -> 0 | H68: =SUM(H69:H75) -> 0 | I68: =SUM(I69:I75) -> 0 | K68: §§ 80 - 82; 92-01; 95-21/95-22; 95-28/95-29 и 95-49
A69: 200 | B69: получени външни заеми | C69: под.§§ 80-11/80-12; 80-31/80-32; 80-51/80-52 и 80-97 | E69: =+OTCHET!E485+OTCHET!E486+OTCHET!E489+OTCHET!E490+OTCHET!E493+OTCHET!E494+OTCHET!E498 -> 0 | F69: =+G69+H69+I69 -> 0 | G69: =+OTCHET!I485+OTCHET!I486+OTCHET!I489+OTCHET!I490+OTCHET!I493+OTCHET!I494+OTCHET!I498 -> 0 | H69: =+OTCHET!J485+OTCHET!J486+OTCHET!J489+OTCHET!J490+OTCHET!J493+OTCHET!J494+OTCHET!J498 -> 0 | I69: =+OTCHET!K485+OTCHET!K486+OTCHET!K489+OTCHET!K490+OTCHET!K493+OTCHET!K494+OTCHET!K498 -> 0 | K69: под.§§ 80-11/80-12; 80-31/80-32; 80-51/80-52 и 80-97
A70: 205 | B70: погашения по външни заеми | C70: под.§§ 80-17/80-18; 80-37/80-38; 80-57/80-58; 80-80 и 80-98; | E70: =+OTCHET!E487+OTCHET!E488+OTCHET!E491+OTCHET!E492+OTCHET!E495+OTCHET!E496+OTCHET!E497+OTCHET!E499 -> 0 | F70: =+G70+H70+I70 -> 0 | G70: =+OTCHET!I487+OTCHET!I488+OTCHET!I491+OTCHET!I492+OTCHET!I495+OTCHET!I496+OTCHET!I497+OTCHET!I499 -> 0 | H70: =+OTCHET!J487+OTCHET!J488+OTCHET!J491+OTCHET!J492+OTCHET!J495+OTCHET!J496+OTCHET!J497+OTCHET!J499 -> 0 | I70: =+OTCHET!K487+OTCHET!K488+OTCHET!K491+OTCHET!K492+OTCHET!K495+OTCHET!K496+OTCHET!K497+OTCHET!K499 -> 0 | K70: под.§§ 80-17/80-18; 80-37/80-38; 80-57/80-58; 80-80 и 80-98;
A71: 210 | B71: държавни /общински/ ЦК емитирани на м/нар. капиталови пазари | C71: § 81 | E71: =+OTCHET!E500 -> 0 | F71: =+G71+H71+I71 -> 0 | G71: =+OTCHET!I500 -> 0 | H71: =+OTCHET!J500 -> 0 | I71: =+OTCHET!K500 -> 0 | K71: § 81
A72: 215 | B72: получени погашения по предоставени кредити от други държави | C72: § 82 | E72: =+OTCHET!E505 -> 0 | F72: =+G72+H72+I72 -> 0 | G72: =+OTCHET!I505 -> 0 | H72: =+OTCHET!J505 -> 0 | I72: =+OTCHET!K505 -> 0 | K72: § 82
A73: 220 | B73: операции с др. ЦК и финансови активи | C73: под. § 92-01 | E73: =+OTCHET!E545 -> 0 | F73: =+G73+H73+I73 -> 0 | G73: =+OTCHET!I545 -> 0 | H73: =+OTCHET!J545 -> 0 | I73: =+OTCHET!K545 -> 0 | K73: под. § 92-01
A74: 230 | B74: остатък по сметки и каса в чужбина от предх. период | C74: под. §§ 95-21и 95-22 | E74: =+OTCHET!E584+OTCHET!E585 -> 0 | F74: =+G74+H74+I74 -> 0 | G74: =+OTCHET!I584+OTCHET!I585 -> 0 | H74: =+OTCHET!J584+OTCHET!J585 -> 0 | I74: =+OTCHET!K584+OTCHET!K585 -> 0 | K74: под. §§ 95-21и 95-22
A75: 235 | B75: наличности по всметки и каса в чужб. в кр.на периода | C75: под. §§ 95-28/95-29 и 95-49 | E75: =+OTCHET!E586+OTCHET!E587+OTCHET!E588 -> 0 | F75: =+G75+H75+I75 -> 0 | G75: =+OTCHET!I586+OTCHET!I587+OTCHET!I588 -> 0 | H75: =+OTCHET!J586+OTCHET!J587+OTCHET!J588 -> 0 | I75: =+OTCHET!K586+OTCHET!K587+OTCHET!K588 -> 0 | K75: под. §§ 95-28/95-29 и 95-49
A76: 240 | B76: 2. Придобиване на дялове, акции, съучастия и др, финансови активи | C76: § 70 | E76: =OTCHET!E464 -> 0 | F76: =+G76+H76+I76 -> 0 | G76: =OTCHET!I464 -> 0 | H76: =OTCHET!J464 -> 0 | I76: =OTCHET!K464 -> 0 | K76: § 70
A77: 245 | B77: 3. Възмездни средства | C77: §§ 71 - 73 и 79 | E77: =SUM(E78:E83) -> 0 | F77: =SUM(F78:F83) -> 0 | G77: =SUM(G78:G83) -> 0 | H77: =SUM(H78:H83) -> 0 | I77: =SUM(I78:I83) -> 0 | K77: §§ 71 - 73 и 79
A78: 250 | B78: предоставени | C78: под. § 71-01 и § 72-01 | E78: =+OTCHET!E469+OTCHET!E472 -> 0 | F78: =+G78+H78+I78 -> 0 | G78: =+OTCHET!I469+OTCHET!I472 -> 0 | H78: =+OTCHET!J469+OTCHET!J472 -> 0 | I78: =+OTCHET!K469+OTCHET!K472 -> 0 | K78: под. § 71-01 и § 72-01
A79: 260 | B79: възстановени | C79: под. § 71-02 и § 72-02 | E79: =+OTCHET!E470+OTCHET!E473 -> 0 | F79: =+G79+H79+I79 -> 0 | G79: =+OTCHET!I470+OTCHET!I473 -> 0 | H79: =+OTCHET!J470+OTCHET!J473 -> 0 | I79: =+OTCHET!K470+OTCHET!K473 -> 0 | K79: под. § 71-02 и § 72-02
A80: 265 | B80: нето плащания по активирани гаранции, поръчителства и преоформен дълг | C80: § 73 | E80: =OTCHET!E474 -> 0 | F80: =+G80+H80+I80 -> 0 | G80: =OTCHET!I474 -> 0 | H80: =OTCHET!J474 -> 0 | I80: =OTCHET!K474 -> 0 | K80: § 73
F81: =+G81+H81+I81 -> 0
A82: 270 | B82: предоставени заеми към крайни бенифициенти | C82: под. § 79-01 | E82: =+OTCHET!E482 -> 0 | F82: =+G82+H82+I82 -> 0 | G82: =+OTCHET!I482 -> 0 | H82: =+OTCHET!J482 -> 0 | I82: =+OTCHET!K482 -> 0 | K82: под. § 79-01
A83: 275 | B83: възстановени суми по заеми от крайни бенифициенти | C83: под. § 79-02 | E83: =+OTCHET!E483 -> 0 | F83: =+G83+H83+I83 -> 0 | G83: =+OTCHET!I483 -> 0 | H83: =+OTCHET!J483 -> 0 | I83: =+OTCHET!K483 -> 0 | K83: под. § 79-02
A84: 280 | B84: 4. Приватизация на дялове, акции и участия | C84: § 90 | E84: =OTCHET!E538 -> 0 | F84: =+G84+H84+I84 -> 0 | G84: =OTCHET!I538 -> 0 | H84: =OTCHET!J538 -> 0 | I84: =OTCHET!K538 -> 0 | K84: § 90
A85: 285 | B85: 5. Покупко-продажба на държавни/общински/ ценни книжа от бюдж. предприятия | C85: § 91 | E85: =OTCHET!E539 -> 0 | F85: =+G85+H85+I85 -> 0 | G85: =OTCHET!I539 -> 0 | H85: =OTCHET!J539 -> 0 | I85: =OTCHET!K539 -> 0 | K85: § 91
A86: 290 | B86: 6. Друго вътрешно финансиране | C86: §§ 83; 85 - 88; 92-02; 93 | E86: =+E87+E88 -> 0 | F86: =+F87+F88 -> 1654 | G86: =+G87+G88 -> 1654 | H86: =+H87+H88 -> 0 | I86: =+I87+I88 -> 0 | K86: §§ 83; 85 - 88; 92-02; 93
A87: 295 | B87: операции по вътрешен дълг и финан. активи- нето | C87: §§ 83; 85 - 86 и 92-02 | E87: =+OTCHET!E506+OTCHET!E515+OTCHET!E519+OTCHET!E546 -> 0 | F87: =+G87+H87+I87 -> 0 | G87: =+OTCHET!I506+OTCHET!I515+OTCHET!I519+OTCHET!I546 -> 0 | H87: =+OTCHET!J506+OTCHET!J515+OTCHET!J519+OTCHET!J546 -> 0 | I87: =+OTCHET!K506+OTCHET!K515+OTCHET!K519+OTCHET!K546 -> 0 | K87: §§ 83; 85 - 86 и 92-02
A88: 300 | B88: друго финансиране | C88: §§ 87; 88 и 93 | E88: =+OTCHET!E524+OTCHET!E527+OTCHET!E547 -> 0 | F88: =+G88+H88+I88 -> 1654 | G88: =+OTCHET!I524+OTCHET!I527+OTCHET!I547 -> 1654 | H88: =+OTCHET!J524+OTCHET!J527+OTCHET!J547 -> 0 | I88: =+OTCHET!K524+OTCHET!K527+OTCHET!K547 -> 0 | K88: §§ 87; 88 и 93
A89: 310 | B89: 7.Суми по разчети за поети осигур, вноски и данъци | C89: §89 | E89: =OTCHET!E534 -> 0 | F89: =+G89+H89+I89 -> 0 | G89: =OTCHET!I534 -> 0 | H89: =OTCHET!J534 -> 0 | I89: =OTCHET!K534 -> 0 | K89: §89
A90: 320 | B90: 8. Наличности в началото на периода | C90: под. §§ 95-01 до 95-06 | E90: =+OTCHET!E570+OTCHET!E571+OTCHET!E572+OTCHET!E573+OTCHET!E574+OTCHET!E575 -> 0 | F90: =+G90+H90+I90 -> 0 | G90: =+OTCHET!I570+OTCHET!I571+OTCHET!I572+OTCHET!I573+OTCHET!I574+OTCHET!I575 -> 0 | H90: =+OTCHET!J570+OTCHET!J571+OTCHET!J572+OTCHET!J573+OTCHET!J574+OTCHET!J575 -> 0 | I90: =+OTCHET!K570+OTCHET!K571+OTCHET!K572+OTCHET!K573+OTCHET!K574+OTCHET!K575 -> 0 | K90: под. §§ 95-01 до 95-06
A91: 330 | B91: 9 Наличности в края на периода | C91: под. §§ 95-07 до 95-13 | E91: =+OTCHET!E576+OTCHET!E577+OTCHET!E578+OTCHET!E579+OTCHET!E580+OTCHET!E581+OTCHET!E582 -> 0 | F91: =+G91+H91+I91 -> -107443 | G91: =+OTCHET!I576+OTCHET!I577+OTCHET!I578+OTCHET!I579+OTCHET!I580+OTCHET!I581+OTCHET!I582 -> -107443 | H91: =+OTCHET!J576+OTCHET!J577+OTCHET!J578+OTCHET!J579+OTCHET!J580+OTCHET!J581+OTCHET!J582 -> 0 | I91: =+OTCHET!K576+OTCHET!K577+OTCHET!K578+OTCHET!K579+OTCHET!K580+OTCHET!K581+OTCHET!K582 -> 0 | K91: под. §§ 95-07 до 95-13
A92: 335 | B92: 10. Преоценка на наличности в друга валута | C92: под. § 95-14 | E92: =+OTCHET!E583 -> 0 | F92: =+G92+H92+I92 -> 0 | G92: =+OTCHET!I583 -> 0 | H92: =+OTCHET!J583 -> 0 | I92: =+OTCHET!K583 -> 0 | K92: под. § 95-14
A93: 340 | B93: 11. Депозити и сметки консолидирани в "Единната сметка" от предх. период | C93: под. §§ 96-01 до 96-03 | E93: =+OTCHET!E590+OTCHET!E591 -> 0 | F93: =+G93+H93+I93 -> 0 | G93: =+OTCHET!I590+OTCHET!I591 -> 0 | H93: =+OTCHET!J590+OTCHET!J591 -> 0 | I93: =+OTCHET!K590+OTCHET!K591 -> 0 | K93: под. §§ 96-01 до 96-03
A94: 345 | B94: 12. Депозити и сметки консолидирани в "Единната сметка" в края на периода | C94: под. §§ 96-07 до 96-09 | E94: =+OTCHET!E592+OTCHET!E593 -> 0 | F94: =+G94+H94+I94 -> 0 | G94: =+OTCHET!I592+OTCHET!I593 -> 0 | H94: =+OTCHET!J592+OTCHET!J593 -> 0 | I94: =+OTCHET!K592+OTCHET!K593 -> 0 | K94: под. §§ 96-07 до 96-09
A95: 350 | B95: 13. Касови операции, депозити, покупко-продажба на валута и сетълмент | C95: § 98 | E95: =OTCHET!E594 -> 0 | F95: =+G95+H95+I95 -> 0 | G95: =OTCHET!I594 -> 0 | H95: =OTCHET!J594 -> 0 | I95: =OTCHET!K594 -> 0 | K95: § 98
A96: 355 | B96: в т. ч. покупко-продажба на валута (+/-) | C96: под. § 98-30 | E96: =+OTCHET!E597 -> 0 | F96: =+G96+H96+I96 -> 0 | G96: =+OTCHET!I597 -> 0 | H96: =+OTCHET!J597 -> 0 | I96: =+OTCHET!K597 -> 0 | K96: под. § 98-30
B97: ЧИСЛЕНОСТ НА ПЕРСОНАЛА
B98: Щатни бройки
B99: по трудови правоотношения
B100: по служебни правоотношения
B102: Средногодишни щатни бройки
B103: по трудови правоотношения
B104: по служебни правоотношения
B105: =+IF(+SUM(E$65:I$65)=0,0,"Контрола: дефицит/излишък = финансиране с обратен знак (V. + VІ. = 0)") -> 0 | E105: =+E$64+E$66 -> 0 | F105: =+F$64+F$66 -> 0 | G105: =+G$64+G$66 -> 0 | H105: =+H$64+H$66 -> 0 | I105: =+I$64+I$66 -> 0
B107: =+OTCHET!H608 -> 0 | G107: =+OTCHET!E608 -> 0 | H107: =+OTCHET!F608 -> 0
B108: (e-mail) | G108: (служебни телефони)
B109: ИЗГОТВИЛ:
E110: =+OTCHET!D606 -> 0
B113: ГЛ. СЧЕТОВОДИТЕЛ: | H113: РЪКОВОДИТЕЛ:
E114: =+OTCHET!G603 -> 0 | I114: =+OTCHET!G606 -> 0

Sheet OTCHET
A1: a | B1: b | C1: c | D1: d | E1: e | F1: f | G1: f | H1: f | I1: f | J1: f | K1: f | L1: f | M1: print
A2: 1 | M2: 1
B3: година | C3: 2026 | M3: 1
C4: 1.01 | M4: 1
M5: 1
M6: 1
B7: =VLOOKUP(E15,SMETKA,2,FALSE) -> ОТЧЕТНИ ДАННИ ПО ЕБК ЗА ИЗПЪЛНЕНИЕТО НА БЮДЖЕТА | M7: 1
E8: за периода от | F8: до | M8: 1
B9: ДГ ДЕТЕЛИНА | E9: =DATE($C$3,1,1) -> 46023 | F9: 46203 | M9: 1
B10: (наименование на разпоредителя с бюджет) | F10: =VLOOKUP(F9,DateName,2,FALSE) -> юни | I10: код от регистъра на бюджетните организации в СЕБРА | M10: 1
M11: 1
B12: =VLOOKUP(F12,PRBK,2,FALSE) -> Бургас | E12: код по ЕБК: | F12: 5202 | M12: 1
B13: (наименование на първостепенния разпоредител с бюджет) | M13: 1
M14: 1
D15: ФИНАНСОВО-ПРАВНА ФОРМА | E15: 0 | F15: =+IF(+E15=0,"БЮДЖЕТ",+IF(+E15=98,"СЕС - КСФ",+IF(+E15=42,"СЕС - РА",+IF(+E15=96,"СЕС - ДЕС",+IF(+E15=97,"СЕС - ДМП",+IF(+E15=33,"Чужди средства")))))) -> БЮДЖЕТ | M15: 1
B16: =CONCATENATE("Бланка версия ",$C$4, " от ",$C$3,"г.") -> Бланка версия 1.01 от 2026г. | M16: 1
M17: 1
L18: (в евро) | M18: 1
D19: I. П Р И Х О Д И, П О М О Щ И И Д А Р Е Н И Я | E19: =CONCATENATE("Уточнен план ", $C$3, " - ПРИХОДИ") -> Уточнен план 2026 - ПРИХОДИ | I19: =CONCATENATE("Отчет ", $C$3, " - ПРИХОДИ") -> Отчет 2026 - ПРИХОДИ | M19: 1
B20: §§ | C20: под-§§ | D20: Н А И М Е Н О В А Н И Е | E20: Уточнен план Общо | F20: държавни дейности | G20: местни дейности | H20: дофинансиране | I20: държавни дейности -ОТЧЕТ | J20: местни дейности - ОТЧЕТ | K20: дофинансиране - ОТЧЕТ | L20: ОТЧЕТ ОБЩО | M20: 1
D21: 0 1 ¦ | E21: (1) | F21: (2) | G21: (3) | H21: (4) | I21: (5) | J21: (6) | K21: (7) | L21: (8) | M21: 1
A22: 5 | B22: 100 | C22: Данък върху доходите на физически лица: | E22: =SUM(E23:E25,E26:E27) -> 0 | F22: =SUM(F23:F25,F26:F27) -> 0 | G22: =SUM(G23:G25,G26:G27) -> 0 | H22: =SUM(H23:H25,H26:H27) -> 0 | I22: =SUM(I23:I25,I26:I27) -> 0 | J22: =SUM(J23:J25,J26:J27) -> 0 | K22: =SUM(K23:K25,K26:K27) -> 0 | L22: =SUM(L23:L25,L26:L27) -> 0 | M22: =(IF($E22<>0,$M$2,IF($L22<>0,$M$2,"")))
A23: 10 | C23: 101 | D23: от доходи по трудови, служебни и приравнени на тях правоотношения | E23: =F23+G23+H23 -> 0 | F23: 0 | G23: 0 | H23: 0 | I23: 0 | J23: 0 | K23: 0 | L23: =I23+J23+K23 -> 0 | M23: =(IF($E23<>0,$M$2,IF($L23<>0,$M$2,"")))
A24: 15 | C24: 102 | D24: за доходи на еднолични търговци, свободни професии, извънтрудови правоотношения и др. | E24: =F24+G24+H24 -> 0 | F24: 0 | G24: 0 | H24: 0 | I24: 0 | J24: 0 | K24: 0 | L24: =I24+J24+K24 -> 0 | M24: =(IF($E24<>0,$M$2,IF($L24<>0,$M$2,"")))
A25: 20 | C25: 103 | D25: патентен данък и данък върху таксиметров превоз на пътници | E25: =F25+G25+H25 -> 0 | F25: 0 | H25: 0 | I25: 0 | K25: 0 | L25: =I25+J25+K25 -> 0 | M25: =(IF($E25<>0,$M$2,IF($L25<>0,$M$2,"")))
A26: 20 | C26: 108 | D26: окончателен данък върху доходите от лихви по банкови сметки на местните физически лица | E26: =F26+G26+H26 -> 0 | F26: 0 | G26: 0 | H26: 0 | I26: 0 | J26: 0 | K26: 0 | L26: =I26+J26+K26 -> 0 | M26: =(IF($E26<>0,$M$2,IF($L26<>0,$M$2,"")))
A27: 21 | C27: 109 | D27: окончателен данък върху доходи на местни и чуждестранни физически лица по чл. 37 и 38 от ЗДДФЛ | E27: =F27+G27+H27 -> 0 | F27: 0 | G27: 0 | H27: 0 | I27: 0 | J27: 0 | K27: 0 | L27: =I27+J27+K27 -> 0 | M27: =(IF($E27<>0,$M$2,IF($L27<>0,$M$2,"")))
A28: 25 | B28: 200 | C28: Корпоративен данък: | E28: =SUM(E29:E32) -> 0 | F28: =SUM(F29:F32) -> 0 | G28: =SUM(G29:G32) -> 0 | H28: =SUM(H29:H32) -> 0 | I28: =SUM(I29:I32) -> 0 | J28: =SUM(J29:J32) -> 0 | K28: =SUM(K29:K32) -> 0 | L28: =SUM(L29:L32) -> 0 | M28: =(IF($E28<>0,$M$2,IF($L28<>0,$M$2,"")))
A29: 30 | C29: 201 | D29: корпоративен данък от нефинансови предприятия | E29: =F29+G29+H29 -> 0 | F29: 0 | G29: 0 | H29: 0 | I29: 0 | J29: 0 | K29: 0 | L29: =I29+J29+K29 -> 0 | M29: =(IF($E29<>0,$M$2,IF($L29<>0,$M$2,"")))
A30: 35 | C30: 202 | D30: корпоративен данък от финансови институции | E30: =F30+G30+H30 -> 0 | F30: 0 | G30: 0 | H30: 0 | I30: 0 | J30: 0 | K30: 0 | L30: =I30+J30+K30 -> 0 | M30: =(IF($E30<>0,$M$2,IF($L30<>0,$M$2,"")))
A31: 40 | C31: 203 | D31: корпоративен данък от юридически лица с нестопанска цел | E31: =F31+G31+H31 -> 0 | F31: 0 | G31: 0 | H31: 0 | I31: 0 | J31: 0 | K31: 0 | L31: =I31+J31+K31 -> 0 | M31: =(IF($E31<>0,$M$2,IF($L31<>0,$M$2,"")))
A32: 45 | C32: 204 | D32: корпоративен данък от застрахователни дружества | E32: =F32+G32+H32 -> 0 | F32: 0 | G32: 0 | H32: 0 | I32: 0 | J32: 0 | K32: 0 | L32: =I32+J32+K32 -> 0 | M32: =(IF($E32<>0,$M$2,IF($L32<>0,$M$2,"")))
A33: 50 | B33: 400 | C33: Данъци върху дивидентите, ликвидационните дялове и доходите на местни и чуждестранни лица: | E33: =SUM(E34:E38) -> 0 | F33: =SUM(F34:F38) -> 0 | G33: =SUM(G34:G38) -> 0 | H33: =SUM(H34:H38) -> 0 | I33: =SUM(I34:I38) -> 0 | J33: =SUM(J34:J38) -> 0 | K33: =SUM(K34:K38) -> 0 | L33: =SUM(L34:L38) -> 0 | M33: =(IF($E33<>0,$M$2,IF($L33<>0,$M$2,"")))
A34: 55 | C34: 401 | D34: данък върху дивидентите и ликвидационните дялове на местни юридически лица | E34: =F34+G34+H34 -> 0 | F34: 0 | G34: 0 | H34: 0 | I34: 0 | J34: 0 | K34: 0 | L34: =I34+J34+K34 -> 0 | M34: =(IF($E34<>0,$M$2,IF($L34<>0,$M$2,"")))
A35: 56 | C35: 402 | D35: данък върху дивидентите и ликвидационните дялове на бюджетни предприятия | E35: =F35+G35+H35 -> 0 | F35: 0 | G35: 0 | H35: 0 | I35: 0 | J35: 0 | K35: 0 | L35: =I35+J35+K35 -> 0 | M35: =(IF($E35<>0,$M$2,IF($L35<>0,$M$2,"")))
A36: 57 | C36: 403 | D36: данък върху дивидентите и ликвидационните дялове на чуждестрани юридически лица | E36: =F36+G36+H36 -> 0 | F36: 0 | G36: 0 | H36: 0 | I36: 0 | J36: 0 | K36: 0 | L36: =I36+J36+K36 -> 0 | M36: =(IF($E36<>0,$M$2,IF($L36<>0,$M$2,"")))
A37: 58 | C37: 404 | D37: данък при източника върху доходи на чуждестранни юридически лица | E37: =F37+G37+H37 -> 0 | F37: 0 | G37: 0 | H37: 0 | I37: 0 | J37: 0 | K37: 0 | L37: =I37+J37+K37 -> 0 | M37: =(IF($E37<>0,$M$2,IF($L37<>0,$M$2,"")))
A38: 59 | C38: 411 | D38: данък върху дивидентите и ликвидационните дялове на физически лица | E38: =F38+G38+H38 -> 0 | F38: 0 | G38: 0 | H38: 0 | I38: 0 | J38: 0 | K38: 0 | L38: =I38+J38+K38 -> 0 | M38: =(IF($E38<>0,$M$2,IF($L38<>0,$M$2,"")))
A39: 65 | B39: 800 | C39: Осигурителни вноски | E39: =SUM(E40:E46) -> 0 | F39: =SUM(F40:F46) -> 0 | G39: =SUM(G40:G46) -> 0 | H39: =SUM(H40:H46) -> 0 | I39: =SUM(I40:I46) -> 0 | J39: =SUM(J40:J46) -> 0 | K39: =SUM(K40:K46) -> 0 | L39: =SUM(L40:L46) -> 0 | M39: =(IF($E39<>0,$M$2,IF($L39<>0,$M$2,"")))
A40: 70 | C40: 801 | D40: вноски за работници и служители от работодатели | E40: =F40+G40+H40 -> 0 | F40: 0 | G40: 0 | H40: 0 | I40: 0 | J40: 0 | K40: 0 | L40: =I40+J40+K40 -> 0 | M40: =(IF($E40<>0,$M$2,IF($L40<>0,$M$2,"")))
A41: 75 | C41: 802 | D41: вноски от работници и служители (лична вноска) | E41: =F41+G41+H41 -> 0 | F41: 0 | G41: 0 | H41: 0 | I41: 0 | J41: 0 | K41: 0 | L41: =I41+J41+K41 -> 0 | M41: =(IF($E41<>0,$M$2,IF($L41<>0,$M$2,"")))
A42: 80 | C42: 804 | D42: вноски от самонаети лица (самоосигуряващи се лица) | E42: =F42+G42+H42 -> 0 | F42: 0 | G42: 0 | H42: 0 | I42: 0 | J42: 0 | K42: 0 | L42: =I42+J42+K42 -> 0 | M42: =(IF($E42<>0,$M$2,IF($L42<>0,$M$2,"")))
A43: 85 | C43: 809 | D43: вноски за други категории осигурени лица | E43: =F43+G43+H43 -> 0 | F43: 0 | G43: 0 | H43: 0 | I43: 0 | J43: 0 | K43: 0 | L43: =I43+J43+K43 -> 0 | M43: =(IF($E43<>0,$M$2,IF($L43<>0,$M$2,"")))
A44: 85 | C44: 811 | D44: вноски по чл. 4б и 4в от КСО за сметка на осигурителя | E44: =F44+G44+H44 -> 0 | F44: 0 | G44: 0 | H44: 0 | I44: 0 | J44: 0 | K44: 0 | L44: =I44+J44+K44 -> 0 | M44: =(IF($E44<>0,$M$2,IF($L44<>0,$M$2,"")))
A45: 85 | C45: 812 | D45: вноски по чл. 4б от КСО за сметка на осигурените лица | E45: =F45+G45+H45 -> 0 | F45: 0 | G45: 0 | H45: 0 | I45: 0 | J45: 0 | K45: 0 | L45: =I45+J45+K45 -> 0 | M45: =(IF($E45<>0,$M$2,IF($L45<>0,$M$2,"")))
A46: 85 | C46: 814 | D46: вноски по чл. 4б от КСО от самонаети лица (самоосигуряващи се лица) | E46: =F46+G46+H46 -> 0 | F46: 0 | G46: 0 | H46: 0 | I46: 0 | J46: 0 | K46: 0 | L46: =I46+J46+K46 -> 0 | M46: =(IF($E46<>0,$M$2,IF($L46<>0,$M$2,"")))
A47: 95 | B47: 1000 | C47: Здравно-осигурителни вноски | E47: =SUM(E48:E51) -> 0 | F47: =SUM(F48:F51) -> 0 | G47: =SUM(G48:G51) -> 0 | H47: =SUM(H48:H51) -> 0 | I47: =SUM(I48:I51) -> 0 | J47: =SUM(J48:J51) -> 0 | K47: =SUM(K48:K51) -> 0 | L47: =SUM(L48:L51) -> 0 | M47: =(IF($E47<>0,$M$2,IF($L47<>0,$M$2,"")))
A48: 100 | C48: 1001 | D48: здравно-осигурителни вноски за работници и служители от работодатели | E48: =F48+G48+H48 -> 0 | F48: 0 | G48: 0 | H48: 0 | I48: 0 | J48: 0 | K48: 0 | L48: =I48+J48+K48 -> 0 | M48: =(IF($E48<>0,$M$2,IF($L48<>0,$M$2,"")))
A49: 105 | C49: 1002 | D49: здравно-осигурителни вноски от работници и служители (лична вноска) | E49: =F49+G49+H49 -> 0 | F49: 0 | G49: 0 | H49: 0 | I49: 0 | J49: 0 | K49: 0 | L49: =I49+J49+K49 -> 0 | M49: =(IF($E49<>0,$M$2,IF($L49<>0,$M$2,"")))
A50: 110 | C50: 1004 | D50: здравно-осигурителни вноски от самонаети (самоосигуряващи се лица) | E50: =F50+G50+H50 -> 0 | F50: 0 | G50: 0 | H50: 0 | I50: 0 | J50: 0 | K50: 0 | L50: =I50+J50+K50 -> 0 | M50: =(IF($E50<>0,$M$2,IF($L50<>0,$M$2,"")))
A51: 125 | C51: 1007 | D51: здравно-осигур.вноски за други категории осигурени лица | E51: =F51+G51+H51 -> 0 | F51: 0 | G51: 0 | H51: 0 | I51: 0 | J51: 0 | K51: 0 | L51: =I51+J51+K51 -> 0 | M51: =(IF($E51<>0,$M$2,IF($L51<>0,$M$2,"")))
A52: 130 | B52: 1300 | C52: Имуществени и други местни данъци : | E52: =SUM(E53:E57) -> 0 | F52: =SUM(F53:F57) -> 0 | G52: =SUM(G53:G57) -> 0 | H52: =SUM(H53:H57) -> 0 | I52: =SUM(I53:I57) -> 0 | J52: =SUM(J53:J57) -> 0 | K52: =SUM(K53:K57) -> 0 | L52: =SUM(L53:L57) -> 0 | M52: =(IF($E52<>0,$M$2,IF($L52<>0,$M$2,"")))
A53: 135 | C53: 1301 | D53: данък върху недвижими имоти | E53: =F53+G53+H53 -> 0 | F53: 0 | H53: 0 | I53: 0 | K53: 0 | L53: =I53+J53+K53 -> 0 | M53: =(IF($E53<>0,$M$2,IF($L53<>0,$M$2,"")))
A54: 140 | C54: 1302 | D54: данък върху наследствата | E54: =F54+G54+H54 -> 0 | F54: 0 | H54: 0 | I54: 0 | K54: 0 | L54: =I54+J54+K54 -> 0 | M54: =(IF($E54<>0,$M$2,IF($L54<>0,$M$2,"")))
A55: 145 | C55: 1303 | D55: данък върху превозните средства | E55: =F55+G55+H55 -> 0 | F55: 0 | H55: 0 | I55: 0 | K55: 0 | L55: =I55+J55+K55 -> 0 | M55: =(IF($E55<>0,$M$2,IF($L55<>0,$M$2,"")))
C56: 1304 | D56: данък при придобиване на имущество по дарения и възмезден начин | E56: =F56+G56+H56 -> 0 | F56: 0 | H56: 0 | I56: 0 | K56: 0 | L56: =I56+J56+K56 -> 0 | M56: =(IF($E56<>0,$M$2,IF($L56<>0,$M$2,"")))
A57: 150 | C57: 1308 | D57: туристически данък | E57: =F57+G57+H57 -> 0 | F57: 0 | H57: 0 | I57: 0 | K57: 0 | L57: =I57+J57+K57 -> 0 | M57: =(IF($E57<>0,$M$2,IF($L57<>0,$M$2,"")))
A58: 160 | B58: 1400 | C58: Данък върху добавената стойност | E58: =SUM(E59:E60) -> 0 | F58: =SUM(F59:F60) -> 0 | G58: =SUM(G59:G60) -> 0 | H58: =SUM(H59:H60) -> 0 | I58: =SUM(I59:I60) -> 0 | J58: =SUM(J59:J60) -> 0 | K58: =SUM(K59:K60) -> 0 | L58: =SUM(L59:L60) -> 0 | M58: =(IF($E58<>0,$M$2,IF($L58<>0,$M$2,"")))
A59: 165 | C59: 1401 | D59: данък върху добавената стойност при сделки в страната | E59: =F59+G59+H59 -> 0 | F59: 0 | G59: 0 | H59: 0 | I59: 0 | J59: 0 | K59: 0 | L59: =I59+J59+K59 -> 0 | M59: =(IF($E59<>0,$M$2,IF($L59<>0,$M$2,"")))
A60: 170 | C60: 1402 | D60: данък върху добавената стойност при внос | E60: =F60+G60+H60 -> 0 | F60: 0 | G60: 0 | H60: 0 | I60: 0 | J60: 0 | K60: 0 | L60: =I60+J60+K60 -> 0 | M60: =(IF($E60<>0,$M$2,IF($L60<>0,$M$2,"")))
A61: 175 | B61: 1500 | C61: Акцизи | E61: =SUM(E62:E63) -> 0 | F61: =SUM(F62:F63) -> 0 | G61: =SUM(G62:G63) -> 0 | H61: =SUM(H62:H63) -> 0 | I61: =SUM(I62:I63) -> 0 | J61: =SUM(J62:J63) -> 0 | K61: =SUM(K62:K63) -> 0 | L61: =SUM(L62:L63) -> 0 | M61: =(IF($E61<>0,$M$2,IF($L61<>0,$M$2,"")))
A62: 180 | C62: 1501 | D62: акциз при сделки в страната | E62: =F62+G62+H62 -> 0 | F62: 0 | G62: 0 | H62: 0 | I62: 0 | J62: 0 | K62: 0 | L62: =I62+J62+K62 -> 0 | M62: =(IF($E62<>0,$M$2,IF($L62<>0,$M$2,"")))
A63: 185 | C63: 1502 | D63: акциз при внос | E63: =F63+G63+H63 -> 0 | F63: 0 | G63: 0 | H63: 0 | I63: 0 | J63: 0 | K63: 0 | L63: =I63+J63+K63 -> 0 | M63: =(IF($E63<>0,$M$2,IF($L63<>0,$M$2,"")))
B64: 1600 | C64: Данък върху застрахователните премии | E64: =F64+G64+H64 -> 0 | F64: 0 | G64: 0 | H64: 0 | I64: 0 | J64: 0 | K64: 0 | L64: =I64+J64+K64 -> 0 | M64: =(IF($E64<>0,$M$2,IF($L64<>0,$M$2,"")))
A65: 200 | B65: 1700 | C65: Други данъци по Закона за корпоративното подоходно облагане: | E65: =SUM(E66:E71) -> 0 | F65: =SUM(F66:F71) -> 0 | G65: =SUM(G66:G71) -> 0 | H65: =SUM(H66:H71) -> 0 | I65: =SUM(I66:I71) -> 0 | J65: =SUM(J66:J71) -> 0 | K65: =SUM(K66:K71) -> 0 | L65: =SUM(L66:L71) -> 0 | M65: =(IF($E65<>0,$M$2,IF($L65<>0,$M$2,"")))
A66: 205 | C66: 1701 | D66: данък върху представителните разходи | E66: =F66+G66+H66 -> 0 | F66: 0 | G66: 0 | H66: 0 | I66: 0 | J66: 0 | K66: 0 | L66: =I66+J66+K66 -> 0 | M66: =(IF($E66<>0,$M$2,IF($L66<>0,$M$2,"")))
A67: 210 | C67: 1702 | D67: данък върху разходи, предоставяни в натура | E67: =F67+G67+H67 -> 0 | F67: 0 | G67: 0 | H67: 0 | I67: 0 | J67: 0 | K67: 0 | L67: =I67+J67+K67 -> 0 | M67: =(IF($E67<>0,$M$2,IF($L67<>0,$M$2,"")))
A68: 215 | C68: 1703 | D68: данък върху разходите за превозни средства | E68: =F68+G68+H68 -> 0 | F68: 0 | G68: 0 | H68: 0 | I68: 0 | J68: 0 | K68: 0 | L68: =I68+J68+K68 -> 0 | M68: =(IF($E68<>0,$M$2,IF($L68<>0,$M$2,"")))
A69: 225 | C69: 1706 | D69: данък върху хазартната дейност | E69: =F69+G69+H69 -> 0 | F69: 0 | G69: 0 | H69: 0 | I69: 0 | J69: 0 | K69: 0 | L69: =I69+J69+K69 -> 0 | M69: =(IF($E69<>0,$M$2,IF($L69<>0,$M$2,"")))
A70: 226 | C70: 1707 | D70: данък върху дейността от опериране на кораби | E70: =F70+G70+H70 -> 0 | F70: 0 | G70: 0 | H70: 0 | I70: 0 | J70: 0 | K70: 0 | L70: =I70+J70+K70 -> 0 | M70: =(IF($E70<>0,$M$2,IF($L70<>0,$M$2,"")))
A71: 227 | C71: 1709 | D71: данък върху приходите на бюджетните предприятия | E71: =F71+G71+H71 -> 0 | F71: 0 | G71: 0 | H71: 0 | I71: 0 | J71: 0 | K71: 0 | L71: =I71+J71+K71 -> 0 | M71: =(IF($E71<>0,$M$2,IF($L71<>0,$M$2,"")))
A72: 235 | B72: 1900 | C72: Мита и митнически такси | E72: =F72+G72+H72 -> 0 | F72: 0 | G72: 0 | H72: 0 | I72: 0 | J72: 0 | K72: 0 | L72: =I72+J72+K72 -> 0 | M72: =(IF($E72<>0,$M$2,IF($L72<>0,$M$2,"")))
A73: 255 | B73: 2000 | C73: Други данъци | E73: =F73+G73+H73 -> 0 | F73: 0 | H73: 0 | I73: 0 | K73: 0 | L73: =I73+J73+K73 -> 0 | M73: =(IF($E73<>0,$M$2,IF($L73<>0,$M$2,"")))
A74: 265 | B74: 2400 | C74: Приходи и доходи от собственост | E74: =SUM(E75:E89) -> 0 | F74: =SUM(F75:F89) -> 0 | G74: =SUM(G75:G89) -> 0 | H74: =SUM(H75:H89) -> 0 | I74: =SUM(I75:I89) -> 0 | J74: =SUM(J75:J89) -> 0 | K74: =SUM(K75:K89) -> 0 | L74: =SUM(L75:L89) -> 0 | M74: =(IF($E74<>0,$M$2,IF($L74<>0,$M$2,"")))
A75: 270 | C75: 2401 | D75: вноски от приходи на държавни (общински) предприятия и институции | E75: =F75+G75+H75 -> 0 | F75: 0 | H75: 0 | I75: 0 | K75: 0 | L75: =I75+J75+K75 -> 0 | M75: =(IF($E75<>0,$M$2,IF($L75<>0,$M$2,"")))
A76: 280 | C76: 2403 | D76: превишение на приходите над разходите на БНБ | E76: =F76+G76+H76 -> 0 | F76: 0 | G76: 0 | H76: 0 | I76: 0 | J76: 0 | K76: 0 | L76: =I76+J76+K76 -> 0 | M76: =(IF($E76<>0,$M$2,IF($L76<>0,$M$2,"")))
A77: 285 | C77: 2404 | D77: нетни приходи от продажби на услуги, стоки и продукция | E77: =F77+G77+H77 -> 0 | H77: 0 | K77: 0 | L77: =I77+J77+K77 -> 0 | M77: =(IF($E77<>0,$M$2,IF($L77<>0,$M$2,"")))
A78: 290 | C78: 2405 | D78: приходи от наеми на имущество | E78: =F78+G78+H78 -> 0 | H78: 0 | K78: 0 | L78: =I78+J78+K78 -> 0 | M78: =(IF($E78<>0,$M$2,IF($L78<>0,$M$2,"")))
A79: 295 | C79: 2406 | D79: приходи от наеми на земя | E79: =F79+G79+H79 -> 0 | H79: 0 | K79: 0 | L79: =I79+J79+K79 -> 0 | M79: =(IF($E79<>0,$M$2,IF($L79<>0,$M$2,"")))
A80: 300 | C80: 2407 | D80: приходи от дивиденти | E80: =F80+G80+H80 -> 0 | H80: 0 | K80: 0 | L80: =I80+J80+K80 -> 0 | M80: =(IF($E80<>0,$M$2,IF($L80<>0,$M$2,"")))
A81: 305 | C81: 2408 | D81: приходи от лихви по текущи банкови сметки | E81: =F81+G81+H81 -> 0 | H81: 0 | K81: 0 | L81: =I81+J81+K81 -> 0 | M81: =(IF($E81<>0,$M$2,IF($L81<>0,$M$2,"")))
A82: 310 | C82: 2409 | D82: приходи от лихви по срочни депозити | E82: =F82+G82+H82 -> 0 | H82: 0 | K82: 0 | L82: =I82+J82+K82 -> 0 | M82: =(IF($E82<>0,$M$2,IF($L82<>0,$M$2,"")))
A83: 315 | C83: 2410 | D83: приходи от лихви по предоставени заеми в страната и чужбина | E83: =F83+G83+H83 -> 0 | H83: 0 | K83: 0 | L83: =I83+J83+K83 -> 0 | M83: =(IF($E83<>0,$M$2,IF($L83<>0,$M$2,"")))
A84: 325 | C84: 2412 | D84: приходи от лихви от предприятия по преоформен държавен дълг | E84: =F84+G84+H84 -> 0 | F84: 0 | G84: 0 | H84: 0 | I84: 0 | J84: 0 | K84: 0 | L84: =I84+J84+K84 -> 0 | M84: =(IF($E84<>0,$M$2,IF($L84<>0,$M$2,"")))
A85: 330 | C85: 2413 | D85: приходи от лихви и отстъпки от държавни и общински ценни книжа | E85: =F85+G85+H85 -> 0 | F85: 0 | H85: 0 | I85: 0 | K85: 0 | L85: =I85+J85+K85 -> 0 | M85: =(IF($E85<>0,$M$2,IF($L85<>0,$M$2,"")))
A86: 335 | C86: 2415 | D86: приходи от лихви и отстъпки от дългови ценни книжа на местни и чуждестранни лица | E86: =F86+G86+H86 -> 0 | F86: 0 | H86: 0 | I86: 0 | K86: 0 | L86: =I86+J86+K86 -> 0 | M86: =(IF($E86<>0,$M$2,IF($L86<>0,$M$2,"")))
C87: 2417 | D87: приходи от лихви по заеми, предоставени на бюджетни организации | E87: =F87+G87+H87 -> 0 | F87: 0 | H87: 0 | I87: 0 | K87: 0 | L87: =I87+J87+K87 -> 0 | M87: =(IF($E87<>0,$M$2,IF($L87<>0,$M$2,"")))
A88: 340 | C88: 2418 | D88: лихви по срочни депозити за сметка на централния бюджет (+/-) | E88: =F88+G88+H88 -> 0 | F88: 0 | H88: 0 | I88: 0 | K88: 0 | L88: =I88+J88+K88 -> 0 | M88: =(IF($E88<>0,$M$2,IF($L88<>0,$M$2,"")))
A89: 345 | C89: 2419 | D89: приходи от други лихви | E89: =F89+G89+H89 -> 0 | H89: 0 | K89: 0 | L89: =I89+J89+K89 -> 0 | M89: =(IF($E89<>0,$M$2,IF($L89<>0,$M$2,"")))
A90: 350 | B90: 2500 | C90: Държавни такси | E90: =SUM(E91:E92) -> 0 | F90: =SUM(F91:F92) -> 0 | G90: =SUM(G91:G92) -> 0 | H90: =SUM(H91:H92) -> 0 | I90: =SUM(I91:I92) -> 0 | J90: =SUM(J91:J92) -> 0 | K90: =SUM(K91:K92) -> 0 | L90: =SUM(L91:L92) -> 0 | M90: =(IF($E90<>0,$M$2,IF($L90<>0,$M$2,"")))
A91: 355 | C91: 2501 | D91: такси за административни и други услуги и дейности | E91: =F91+G91+H91 -> 0 | H91: 0 | K91: 0 | L91: =I91+J91+K91 -> 0 | M91: =(IF($E91<>0,$M$2,IF($L91<>0,$M$2,"")))
A92: 356 | C92: 2502 | D92: такси и лицензии с данъчен характер | E92: =F92+G92+H92 -> 0 | G92: 0 | H92: 0 | J92: 0 | K92: 0 | L92: =I92+J92+K92 -> 0 | M92: =(IF($E92<>0,$M$2,IF($L92<>0,$M$2,"")))
A93: 360 | B93: 2600 | C93: Съдебни такси | E93: =F93+G93+H93 -> 0 | F93: 0 | G93: 0 | H93: 0 | I93: 0 | J93: 0 | K93: 0 | L93: =I93+J93+K93 -> 0 | M93: =(IF($E93<>0,$M$2,IF($L93<>0,$M$2,"")))
A94: 370 | B94: 2700 | C94: Общински такси | E94: =SUM(E95:E105) -> 0 | F94: =SUM(F95:F105) -> 0 | G94: =SUM(G95:G105) -> 0 | H94: =SUM(H95:H105) -> 0 | I94: =SUM(I95:I105) -> 0 | J94: =SUM(J95:J105) -> 0 | K94: =SUM(K95:K105) -> 0 | L94: =SUM(L95:L105) -> 0 | M94: =(IF($E94<>0,$M$2,IF($L94<>0,$M$2,"")))
A95: 380 | C95: 2702 | D95: за ползване на детски кухни | E95: =F95+G95+H95 -> 0 | F95: 0 | H95: 0 | I95: 0 | K95: 0 | L95: =I95+J95+K95 -> 0 | M95: =(IF($E95<>0,$M$2,IF($L95<>0,$M$2,"")))
A96: 385 | C96: 2703 | D96: за ползване на лагери и други по социалния отдих | E96: =F96+G96+H96 -> 0 | F96: 0 | H96: 0 | I96: 0 | K96: 0 | L96: =I96+J96+K96 -> 0 | M96: =(IF($E96<>0,$M$2,IF($L96<>0,$M$2,"")))
A97: 390 | C97: 2704 | D97: за ползване на домашен социален патронаж и други общински социални услуги | E97: =F97+G97+H97 -> 0 | F97: 0 | H97: 0 | I97: 0 | K97: 0 | L97: =I97+J97+K97 -> 0 | M97: =(IF($E97<>0,$M$2,IF($L97<>0,$M$2,"")))
A98: 395 | C98: 2705 | D98: за ползване на пазари, тържища, панаири, тротоари, улични платна и др. | E98: =F98+G98+H98 -> 0 | F98: 0 | H98: 0 | I98: 0 | K98: 0 | L98: =I98+J98+K98 -> 0 | M98: =(IF($E98<>0,$M$2,IF($L98<>0,$M$2,"")))
A99: 405 | C99: 2707 | D99: за битови отпадъци | E99: =F99+G99+H99 -> 0 | F99: 0 | H99: 0 | I99: 0 | K99: 0 | L99: =I99+J99+K99 -> 0 | M99: =(IF($E99<>0,$M$2,IF($L99<>0,$M$2,"")))
A100: 410 | C100: 2708 | D100: за ползване на общежития и други по образованието | E100: =F100+G100+H100 -> 0 | H100: 0 | K100: 0 | L100: =I100+J100+K100 -> 0 | M100: =(IF($E100<>0,$M$2,IF($L100<>0,$M$2,"")))
...

Sheet NALICHNOST
A1: 1
B2: Община: | C2: =+OTCHET!B12 -> Бургас | D2: РАЗШИФРОВКА НА НАЛИЧНИТЕ СРЕДСТВА ПО БЮДЖЕТА НА ОБЩИНАТА И ПРЕВОДИТЕ В ПРОЦЕС
B3: Код по ЕБК: | C3: =+OTCHET!F12 -> 5202 | D3: НА СЕТЪЛМЕНТ, ПО ИЗТОЧНИЦИ И ИНДИКАТИВНО РАЗПРЕДЕЛЕНИЕ
B4: Разшифровка на наличностите в края на периода и преводите в процес на сетълмент (от §95-07 до §95-13; §96-07 - §96-09) в касовия отчет на бюджета на общината към | C4: =+OTCHET!F9 -> 46203 | D4: ПО ФУНКЦИЯ/РАЗДЕЛ/ПОДРАЗДЕЛ ОТ ЕБК (В ЕВРО)
C5: =+IF(AND(C35=0,C36=0),"","НЕРАВНЕНИЕ!") | D5: =+IF(AND(D35=0,D36=0),"","НЕРАВНЕНИЕ!") | E5: =+IF(AND(E35=0,E36=0),"","НЕРАВНЕНИЕ!") | F5: =+IF(AND(F35=0,F36=0),"","НЕРАВНЕНИЕ!") | I5: =+IF(AND(I35=0,I36=0),"","НЕРАВНЕНИЕ!") | J5: =+IF(AND(J35=0,J36=0),"","НЕРАВНЕНИЕ!") | L5: (в лева)
B6: Наличност в края на периода и преводи в процес на сетълмент (§95-07 - §95-13; §96-07 - §96-09) в евро: | C6: Държавни дейности | D6: в т. ч. | E6: Местни дейности | F6: в т. ч. | G6: Дофинансиране | H6: в т. ч. | I6: Всичко | J6: в т. ч. | K6: Очакван момент на изразходване на средствата: | L6: Предназначение на средствата:
D7: по срочни депозити | F7: по срочни депозити | H7: по срочни депозити | J7: по срочни депозити
A8: 999 | B8: Всичко наличности по бюджета, в това число от: | C8: =(OTCHET!I576+OTCHET!I577+OTCHET!I578+OTCHET!I579+OTCHET!I580+OTCHET!I581+OTCHET!I582+OTCHET!I592+OTCHET!I593)*(-1) -> 107443 | D8: =(OTCHET!I578+OTCHET!I579+OTCHET!I593)*(-1) -> 0 | E8: =(OTCHET!J576+OTCHET!J577+OTCHET!J578+OTCHET!J579+OTCHET!J580+OTCHET!J581+OTCHET!J582+OTCHET!J592+OTCHET!J593)*(-1) -> 0 | F8: =(OTCHET!J578+OTCHET!J579+OTCHET!J593)*(-1) -> 0 | G8: 0 | H8: 0 | I8: =+C8+E8 -> 107443 | J8: =+D8+F8 -> 0 | K8: x | L8: x
A9: 1000 | B9: I. Наличности от приходи, помощи и дарения | C9: =+C10+C12 -> 0 | D9: =+D10+D12 -> 0 | E9: =+E10+E12 -> 0 | F9: =+F10+F12 -> 0 | G9: 0 | H9: 0 | I9: =+C9+E9 -> 0 | J9: =+D9+F9 -> 0 | K9: x | L9: x
A10: 1100 | B10: 1. Приходи, в т. ч.: | G10: 0 | H10: 0 | I10: =+C10+E10 -> 0 | J10: =+D10+F10 -> 0
A11: 1200 | B11: - от такса за битови отпадъци | G11: 0 | H11: 0 | I11: =+C11+E11 -> 0 | J11: =+D11+F11 -> 0
A12: 1210 | B12: 2. Помощи и дарения | G12: 0 | H12: 0 | I12: =+C12+E12 -> 0 | J12: =+D12+F12 -> 0
A13: 2000 | B13: II. Наличности от трансфери между бюджета на бюджетната организация и ЦБ (от §31-00), предоставени през текущата година, в т. ч. от: | C13: =+C14+C16+C17+C18+C15 -> 96289 | D13: =+D14+D16+D17+D18+D15 -> 0 | E13: =+E14+E16+E17+E18+E15 -> 0 | F13: =+F14+F16+F17+F18+F15 -> 0 | G13: 0 | H13: 0 | I13: =+C13+E13 -> 96289 | J13: =+D13+F13 -> 0 | K13: x | L13: x
A14: 2100 | B14: 1. обща субсидия и други трансфери за държавни дейности | C14: =95991+298 -> 96289 | G14: 0 | H14: 0 | I14: =+C14+E14 -> 96289 | J14: =+D14+F14 -> 0
A15: 2200 | B15: 2. обща изравнителна субсидия | G15: 0 | H15: 0 | I15: =+C15+E15 -> 0 | J15: =+D15+F15 -> 0
A16: 2300 | B16: 3. трансфер за зимно поддържане и снегопочистване | G16: 0 | H16: 0 | I16: =+C16+E16 -> 0 | J16: =+D16+F16 -> 0
A17: 2400 | B17: 4. целева субсидия за капиталови разходи | G17: 0 | H17: 0 | I17: =+C17+E17 -> 0 | J17: =+D17+F17 -> 0
A18: 2500 | B18: 5. трансфери за други целеви разходи от ЦБ | G18: 0 | H18: 0 | I18: =+C18+E18 -> 0 | J18: =+D18+F18 -> 0
A19: 3000 | B19: III. Наличности от трансфери между бюджети и сметки за средства от Европейския съюз (§61, §62 и §64 от ЕБК) | G19: 0 | H19: 0 | I19: =+C19+E19 -> 0 | J19: =+D19+F19 -> 0
A20: 4000 | B20: IV. Наличности от временни безлихвени заеми (§74-78 от ЕБК) | G20: 0 | H20: 0 | I20: =+C20+E20 -> 0 | J20: =+D20+F20 -> 0
A21: 5000 | B21: V. Наличности от дълг ( заеми и емисии на ЦК) | G21: 0 | H21: 0 | I21: =+C21+E21 -> 0 | J21: =+D21+F21 -> 0
A22: 6000 | B22: VI. Наличности по програми и проекти по т. 82 от ДДС № 09/2020 г., за които се прилагат банкови бюджетни сметки и се отчитат на касова основа в отчетна група "Бюджет" чрез прилагане на §88-03 от ЕБК | C22: 1654 | G22: 0 | H22: 0 | I22: =+C22+E22 -> 1654 | J22: =+D22+F22 -> 0
A23: 7000 | B23: VII. Наличности от възстановени отчисления от РИОСВ | G23: 0 | H23: 0 | I23: =+C23+E23 -> 0 | J23: =+D23+F23 -> 0
A24: 8000 | B24: VIII. Наличности от преходен остатък, в т. ч.: | C24: =+C25+C26+C32 -> 9500 | D24: =+D25+D26+D32 -> 0 | E24: =+E25+E26+E32 -> 0 | F24: =+F25+F26+F32 -> 0 | G24: 0 | H24: 0 | I24: =+C24+E24 -> 9500 | J24: =+D24+F24 -> 0 | K24: x | L24: x
A25: 8100 | B25: 1. Преходен остатък от приходи, помощи и дарения | G25: 0 | H25: 0 | I25: =+C25+E25 -> 0 | J25: =+D25+F25 -> 0
A26: 8200 | B26: 2. Преходен остатък от предоставени трансфери от ЦБ, в т. ч. от: | C26: =+C27+C28+C29+C30+C31 -> 9500 | D26: =+D27+D28+D29+D30+D31 -> 0 | E26: =+E27+E28+E29+E30+E31 -> 0 | F26: =+F27+F28+F29+F30+F31 -> 0 | G26: 0 | H26: 0 | I26: =+C26+E26 -> 9500 | J26: =+D26+F26 -> 0 | K26: x | L26: x
A27: 8210 | B27: - обща субсидия и други трансфери за държавни дейности | C27: 9500 | G27: 0 | H27: 0 | I27: =+C27+E27 -> 9500 | J27: =+D27+F27 -> 0
A28: 8220 | B28: - обща изравнителна субсидия | G28: 0 | H28: 0 | I28: =+C28+E28 -> 0 | J28: =+D28+F28 -> 0
A29: 8230 | B29: - трансфер за зимно поддържане и снегопочистване | G29: 0 | H29: 0 | I29: =+C29+E29 -> 0 | J29: =+D29+F29 -> 0
A30: 8240 | B30: - целева субсидия за капиталови разходи | G30: 0 | H30: 0 | I30: =+C30+E30 -> 0 | J30: =+D30+F30 -> 0
A31: 8250 | B31: - трансфери за други целеви разходи от ЦБ | G31: 0 | H31: 0 | I31: =+C31+E31 -> 0 | J31: =+D31+F31 -> 0
A32: 8300 | B32: 3. Други налични средства от преходен остатък | G32: 0 | H32: 0 | I32: =+C32+E32 -> 0 | J32: =+D32+F32 -> 0
A33: 9999 | B33: Общо: | C33: =+C9+C13+C19+C20+C21+C22+C23+C24 -> 107443 | D33: =+D9+D13+D19+D20+D21+D22+D23+D24 -> 0 | E33: =+E9+E13+E19+E20+E21+E22+E23+E24 -> 0 | F33: =+F9+F13+F19+F20+F21+F22+F23+F24 -> 0 | G33: 0 | H33: 0 | I33: =+C33+E33 -> 107443 | J33: =+D33+F33 -> 0 | K33: x | L33: x
A35: 99999 | B35: контрола: | C35: =ABS(C8)-ABS(C33) -> 0 | D35: =ABS(D8)-ABS(D33) -> 0 | E35: =ABS(E8)-ABS(E33) -> 0 | F35: =ABS(F8)-ABS(F33) -> 0 | G35: 0 | H35: 0 | I35: =ABS(I8)-ABS(I33) -> 0 | J35: =ABS(J8)-ABS(J33) -> 0
A36: 99998 | B36: контрола (отчет - разпределение по функция/раздел/подраздел от ЕБК): | C36: =+C33-C69 -> 0 | D36: 0 | E36: 0 | F36: 0 | G36: 0 | H36: 0 | I36: =+I33-I69 -> 0 | J36: 0
A37: end
B38: IX. Индикативно разпределение по функция/раздел/подраздел от ЕБК: | C38: Държавни дейности | D38: в т. ч. | E38: Местни дейности | F38: в т. ч. | G38: Дофинансиране | H38: в т. ч. | I38: Всичко | J38: в т. ч.
D39: целеви средства | F39: целеви средства | H39: целеви средства | J39: целеви средства
A40: 100 | B40: 1. Общи държавни служби - всичко: | C40: =+C41+C42 -> 0 | D40: =+D41+D42 -> 0 | E40: =+E41+E42 -> 0 | F40: =+F41+F42 -> 0 | G40: =+G41+G42 -> 0 | H40: =+H41+H42 -> 0 | I40: =+C40+E40+G40 -> 0 | J40: =+D40+F40+H40 -> 0
A41: 101 | B41: - текущи разходи | I41: =+C41+E41+G41 -> 0 | J41: =+D41+F41+H41 -> 0
A42: 102 | B42: - капиталови разходи | I42: =+C42+E42+G42 -> 0 | J42: =+D42+F42+H42 -> 0
A43: 200 | B43: 2. Отбрана и сигурност - всичко: | C43: =+C44+C45 -> 0 | D43: =+D44+D45 -> 0 | E43: =+E44+E45 -> 0 | F43: =+F44+F45 -> 0 | G43: =+G44+G45 -> 0 | H43: =+H44+H45 -> 0 | I43: =+C43+E43+G43 -> 0 | J43: =+D43+F43+H43 -> 0
A44: 201 | B44: - текущи разходи | I44: =+C44+E44+G44 -> 0 | J44: =+D44+F44+H44 -> 0
A45: 202 | B45: - капиталови разходи | I45: =+C45+E45+G45 -> 0 | J45: =+D45+F45+H45 -> 0
A46: 300 | B46: 3. Образование - всичко: | C46: =+C47+C48 -> 107144 | D46: =+D47+D48 -> 0 | E46: =+E47+E48 -> 0 | F46: =+F47+F48 -> 0 | G46: =+G47+G48 -> 0 | H46: =+H47+H48 -> 0 | I46: =+C46+E46+G46 -> 107144 | J46: =+D46+F46+H46 -> 0
A47: 301 | B47: - текущи разходи | C47: =107443-299 -> 107144 | I47: =+C47+E47+G47 -> 107144 | J47: =+D47+F47+H47 -> 0
A48: 302 | B48: - капиталови разходи | I48: =+C48+E48+G48 -> 0 | J48: =+D48+F48+H48 -> 0
A49: 400 | B49: 4. Здравеопазване - всичко: | C49: =+C50+C51 -> 299 | D49: =+D50+D51 -> 0 | E49: =+E50+E51 -> 0 | F49: =+F50+F51 -> 0 | G49: =+G50+G51 -> 0 | H49: =+H50+H51 -> 0 | I49: =+C49+E49+G49 -> 299 | J49: =+D49+F49+H49 -> 0
A50: 401 | B50: - текущи разходи | C50: 299 | I50: =+C50+E50+G50 -> 299 | J50: =+D50+F50+H50 -> 0
A51: 402 | B51: - капиталови разходи | I51: =+C51+E51+G51 -> 0 | J51: =+D51+F51+H51 -> 0
A52: 500 | B52: 5. Социално осигуряване, подпомагане и грижи - всичко: | C52: =+C53+C54 -> 0 | D52: =+D53+D54 -> 0 | E52: =+E53+E54 -> 0 | F52: =+F53+F54 -> 0 | G52: =+G53+G54 -> 0 | H52: =+H53+H54 -> 0 | I52: =+C52+E52+G52 -> 0 | J52: =+D52+F52+H52 -> 0
A53: 501 | B53: - текущи разходи | I53: =+C53+E53+G53 -> 0 | J53: =+D53+F53+H53 -> 0
A54: 502 | B54: - капиталови разходи | I54: =+C54+E54+G54 -> 0 | J54: =+D54+F54+H54 -> 0
A55: 600 | B55: 6. Жилищно строителство, благоустройство, комунално с -во и опазване на ок.среда всичко: | C55: =+C56+C57 -> 0 | D55: =+D56+D57 -> 0 | E55: =+E56+E57 -> 0 | F55: =+F56+F57 -> 0 | G55: =+G56+G57 -> 0 | H55: =+H56+H57 -> 0 | I55: =+C55+E55+G55 -> 0 | J55: =+D55+F55+H55 -> 0
A56: 601 | B56: - текущи разходи | I56: =+C56+E56+G56 -> 0 | J56: =+D56+F56+H56 -> 0
A57: 602 | B57: - капиталови разходи | I57: =+C57+E57+G57 -> 0 | J57: =+D57+F57+H57 -> 0
A58: 700 | B58: 7. Култура, спорт, почивни дейности и религиозно дело - всичко: | C58: =+C59+C60 -> 0 | D58: =+D59+D60 -> 0 | E58: =+E59+E60 -> 0 | F58: =+F59+F60 -> 0 | G58: =+G59+G60 -> 0 | H58: =+H59+H60 -> 0 | I58: =+C58+E58+G58 -> 0 | J58: =+D58+F58+H58 -> 0
A59: 701 | B59: - текущи разходи | I59: =+C59+E59+G59 -> 0 | J59: =+D59+F59+H59 -> 0
A60: 702 | B60: - капиталови разходи | I60: =+C60+E60+G60 -> 0 | J60: =+D60+F60+H60 -> 0
A61: 800 | B61: 8. Икономически дейности и услуги - всичко: | C61: =+C62+C63 -> 0 | D61: =+D62+D63 -> 0 | E61: =+E62+E63 -> 0 | F61: =+F62+F63 -> 0 | G61: =+G62+G63 -> 0 | H61: =+H62+H63 -> 0 | I61: =+C61+E61+G61 -> 0 | J61: =+D61+F61+H61 -> 0
A62: 801 | B62: - текущи разходи | I62: =+C62+E62+G62 -> 0 | J62: =+D62+F62+H62 -> 0
A63: 802 | B63: - капиталови разходи | I63: =+C63+E63+G63 -> 0 | J63: =+D63+F63+H63 -> 0
A64: 900 | B64: 9. Разходи, некласифицирани в другите разходи - всичко: | C64: =+C65+C66 -> 0 | D64: =+D65+D66 -> 0 | E64: =+E65+E66 -> 0 | F64: =+F65+F66 -> 0 | G64: =+G65+G66 -> 0 | H64: =+H65+H66 -> 0 | I64: =+C64+E64+G64 -> 0 | J64: =+D64+F64+H64 -> 0
A65: 901 | B65: - текущи разходи | I65: =+C65+E65+G65 -> 0 | J65: =+D65+F65+H65 -> 0
A66: 902 | B66: - капиталови разходи | I66: =+C66+E66+G66 -> 0 | J66: =+D66+F66+H66 -> 0
A67: 10 | B67: 10. Позиции от раздела за Финансиране на бюджетното салдо | I67: =+C67+E67+G67 -> 0 | J67: =+D67+F67+H67 -> 0
A68: 11 | B68: 11. Позиции от подразделите Трансфери и Временни безлихвени заеми | I68: =+C68+E68+G68 -> 0 | J68: =+D68+F68+H68 -> 0
A69: 9998 | B69: Общо разпределени: | C69: =+C68+C67+C64+C61+C58+C55+C52+C49+C43+C46+C40 -> 107443 | D69: =+D68+D67+D64+D61+D58+D55+D52+D49+D43+D46+D40 -> 0 | E69: =+E68+E67+E64+E61+E58+E55+E52+E49+E43+E46+E40 -> 0 | F69: =+F68+F67+F64+F61+F58+F55+F52+F49+F43+F46+F40 -> 0 | G69: =+G68+G67+G64+G61+G58+G55+G52+G49+G43+G46+G40 -> 0 | H69: =+H68+H67+H64+H61+H58+H55+H52+H49+H43+H46+H40 -> 0 | I69: =+C69+E69+G69 -> 107443 | J69: =+D69+F69+H69 -> 0

Sheet list
A1: Name: | B1: SMETKA
A2: 0 | B2: ОТЧЕТНИ ДАННИ ПО ЕБК ЗА ИЗПЪЛНЕНИЕТО НА БЮДЖЕТА | C2: ОТЧЕТ ЗА КАСОВОТО ИЗПЪЛНЕНИЕ НА БЮДЖЕТА
A3: 33 | B3: ОТЧЕТНИ ДАННИ ПО ЕБК ЗА СМЕТКИТЕ ЗА ЧУЖДИ СРЕДСТВА | C3: ОТЧЕТ ЗА КАСОВОТО ИЗПЪЛНЕНИЕ НА СМЕТКИТЕ ЗА ЧУЖДИ СРЕДСТВА
A4: 42 | B4: ОТЧЕТНИ ДАННИ ПО ЕБК ЗА СМЕТКИТЕ ЗА СРЕДСТВАТА ОТ ЕВРОПЕЙСКИЯ СЪЮЗ - РА | C4: ОТЧЕТ ЗА КАСОВОТО ИЗПЪЛНЕНИЕ НА СМЕТКИТЕ ЗА СРЕДСТВАТА ОТ ЕВРОПЕЙСКИЯ СЪЮЗ - РА
A5: 96 | B5: ОТЧЕТНИ ДАННИ ПО ЕБК ЗА СМЕТКИТЕ ЗА СРЕДСТВАТА ОТ ЕВРОПЕЙСКИЯ СЪЮЗ - ДЕС | C5: ОТЧЕТ ЗА КАСОВОТО ИЗПЪЛНЕНИЕ НА СМЕТКИТЕ ЗА СРЕДСТВАТА ОТ ЕВРОПЕЙСКИЯ СЪЮЗ - ДЕС
A6: 97 | B6: ОТЧЕТНИ ДАННИ ПО ЕБК ЗА СМЕТКИТЕ ЗА СРЕДСТВАТА ОТ ЕВРОПЕЙСКИЯ СЪЮЗ - ДМП | C6: ОТЧЕТ ЗА КАСОВОТО ИЗПЪЛНЕНИЕ НА СМЕТКИТЕ ЗА СРЕДСТВАТА ОТ ЕВРОПЕЙСКИЯ СЪЮЗ - ДМП
A7: 98 | B7: ОТЧЕТНИ ДАННИ ПО ЕБК ЗА СМЕТКИТЕ ЗА СРЕДСТВАТА ОТ ЕВРОПЕЙСКИЯ СЪЮЗ - КСФ | C7: ОТЧЕТ ЗА КАСОВОТО ИЗПЪЛНЕНИЕ НА СМЕТКИТЕ ЗА СРЕДСТВАТА ОТ ЕВРОПЕЙСКИЯ СЪЮЗ - КСФ
A10: Name: | B10: "EBK_DEIN" и "EBK_DEIN2"
B11: ИЗБЕРЕТЕ ДЕЙНОСТ
A12: 1101 | B12: 101 Централни държавни органи | C12: 1101
A13: 1103 | B13: 103 Централни държавни органи по образованието | C13: 1103
A14: 1104 | B14: 104 Централни държавни органи по здравеопазването | C14: 1104
A15: 1105 | B15: 105 Централни държавни органи по социалното осигуряването | C15: 1105
A16: 1106 | B16: 106 Централни държавни органи по регионалното развитие и благоустройство | C16: 1106
A17: 1107 | B17: 107 Централни държавни органи по културата и спорта | C17: 1107
A18: 1108 | B18: 108 Централни държавни органи по икономическите дейности и услуги | C18: 1108
A19: 1111 | B19: 111 Контролни органи | C19: 1111
A20: 1115 | B20: 115 Управление, контрол и регулиране на външните работи | C20: 1115
A21: 1116 | B21: 116 Посолства, консулства, представителства и мисии в чужбина | C21: 1116
A22: 1117 | B22: 117 Държавни и общински служби и дейности по изборите | C22: 1117
A23: 1121 | B23: 121 Областни администрации | C23: 1121
... A277: 9998 | B277: 998 Резерв | C277: 9998
A282: Name: | B282: "OP_LIST" и "OP_LIST2"
A283: ИЗБЕРЕТЕ ОПЕРАТИВНА ПРОГРАМА
A284: ПЕРИОД 2014-2020
A285: КФ - ОП "Транспорт и транспортна инфраструктура" | B285: 98111 | C285: ПЕРИОД 2014-2020
A286: КФ - ОП "Околна среда" | B286: 98112 | C286: ПЕРИОД 2014-2020
A287: ЕФРР - ОП "Транспорт и транспортна инфраструктура" | B287: 98211 | C287: ПЕРИОД 2014-2020
A288: ЕФРР - ОП "Региони в растеж" | B288: 98212 | C288: ПЕРИОД 2014-2020
A289: ЕФРР - ОП "Наука и образование за интелигентен растеж" | B289: 98213 | C289: ПЕРИОД 2014-2020
A290: ЕФРР - ОП "Иновации и конкурентоспособност " | B290: 98214 | C290: ПЕРИОД 2014-2020
A291: ЕФРР - ОП "Околна среда" | B291: 98215 | C291: ПЕРИОД 2014-2020
A292: ЕФРР - ОП "Инициатива за малки и средни предприятия" | B292: 98224 | C292: ПЕРИОД 2014-2020
A293: ЕСФ - ОП "Развитие на човешките ресурси" | B293: 98311 | C293: ПЕРИОД 2014-2020
A294: ЕСФ - ОП "Добро управление" | B294: 98312 | C294: ПЕРИОД 2014-2020
A295: ЕСФ - ОП "Наука и образование за интелигентен растеж" | B295: 98313 | C295: ПЕРИОД 2014-2020
A296: ОП "Фонд за европейско подпомагане на най-нуждаещите се лица" | B296: 98315 | C296: ПЕРИОД 2014-2020
A297: ПЕРИОД 2007-2013
A298: КФ - ОП "ТРАНСПОРТ" | B298: 98101 | C298: ПЕРИОД 2007-2013
A299: КФ - ОП "ОКОЛНА СРЕДА" /2007-2013/ | B299: 98102 | C299: ПЕРИОД 2007-2013
A300: ЕФРР - ОП "ТРАНСПОРТ" | B300: 98201 | C300: ПЕРИОД 2007-2013
A301: ЕФРР - ОП "РЕГИОНАЛНО РАЗВИТИЕ" | B301: 98202 | C301: ПЕРИОД 2007-2013
A302: ЕФРР - ОП "КОНКУРЕНТНОСПОСОБНОСТ" | B302: 98204 | C302: ПЕРИОД 2007-2013
A303: ЕФРР - ОП "ОКОЛНА СРЕДА" /2007-2013/ | B303: 98205 | C303: ПЕРИОД 2007-2013
A304: ЕСФ - ОП "ЧОВЕШКИ РЕСУРСИ" | B304: 98301 | C304: ПЕРИОД 2007-2013
A305: ЕСФ - ОП "АДМИНИСТРАТИВЕН КАПАЦИТЕТ" | B305: 98302 | C305: ПЕРИОД 2007-2013
A306: ПЕРИОД 2021-2027
A307: КФ - Програма за околна среда | B307: 98121 | C307: ПЕРИОД 2021-2027
A308: КФ - Програма за транспортна свързаност | B308: 98122 | C308: ПЕРИОД 2021-2027
A309: ЕФРР - Програма за конкурентоспособност и иновации в предприятията | B309: 98221 | C309: ПЕРИОД 2021-2027
A310: ЕФРР - Програма за околна среда | B310: 98222 | C310: ПЕРИОД 2021-2027
A311: ЕФРР - Програма за транспортна свързаност | B311: 98223 | C311: ПЕРИОД 2021-2027
A312: ЕФРР - Програма за техническа помощ | B312: 98225 | C312: ПЕРИОД 2021-2027
A313: ЕФРР - Програма за развитие на регионите | B313: 98226 | C313: ПЕРИОД 2021-2027
A314: ЕФРР - Програма за научни изследвания, иновации и дигитализация за интелигентна трансформация | B314: 98227 | C314: ПЕРИОД 2021-2027
A315: ЕСФ+ - Програма за образование | B315: 98321 | C315: ПЕРИОД 2021-2027
A316: ЕСФ+ - Програма за техническа помощ | B316: 98322 | C316: ПЕРИОД 2021-2027
A317: ЕСФ+ - Програма за развитие на човешките ресурси | B317: 98323 | C317: ПЕРИОД 2021-2027
A318: ЕСФ+ - Програма за храни и/или основно материално подпомагане | B318: 98324 | C318: ПЕРИОД 2021-2027
A319: Разходи по Плана за възстановяване и устойчивост на РБ | B319: 99001
A322: Name: | B322: "PRBK"
B323: А ) Кодове на бюджетни организации от подсектор "централно управление" (подсектор "ЦУ")
B324: А.1) Кодове на централния бюджет и разпоредителите с бюджет по държавния бюджет
A325: 0100 | B325: Народно събрание
A326: 0200 | B326: Администрация на президентството
A327: 0300 | B327: Министерски съвет
A328: 0400 | B328: Конституционен съд
A329: 0500 | B329: Сметна палата
A330: 0600 | B330: Висш съдебен съвет
A331: 1000 | B331: Министерство на финансите
A332: 1100 | B332: Министерство на външните работи
A333: 1200 | B333: Министерство на отбраната
A334: 1300 | B334: Министерство на вътрешните работи
A335: 1400 | B335: Министерство на правосъдието
A336: 1500 | B336: Министерство на труда и социалната политика
... A376: 9900 | B376: Централен бюджет
B377: А.2) Кодове на други бюджетни организации от подсектор "централно управление"
B378: А.2.1) кодове на държавните висши училища и Българската академия на науките
B379: А.2.1а) кодове на ДВУ и БАН, финансирани от Министерството на образованието и науката
A380: 1701 | B380: Софийски университет "Климент Охридски" - София
A381: 1702 | B381: Пловдивски университет "Паисий Хилендарски" - Пловдив
A382: 1703 | B382: Университет "Проф. д-р Асен Златаров" - Бургас
A383: 1704 | B383: Великотърновки университет "Св. св . Кирил и Методий" - В. Търново
A384: 1705 | B384: Югозападен университет "Неофит Рилски" - Благоевград
A385: 1706 | B385: Шуменски университет "Епископ Константин Преславски" - Шумен
A386: 1711 | B386: Русенски университет "Ангел Кънчев" - Русе
A387: 1712 | B387: Технически университет - София
A388: 1713 | B388: Технически университет - София - филиал Пловдив
A389: 1714 | B389: Технически университет - Варна
A390: 1715 | B390: Технически университет - Габрово
A391: 1716 | B391: Университет по архитектура, строителство и геодезия - София
... A415: 1790 | B415: Българска академия на науките - София
B416: А.2.1.б) кодове на ДВУ и ВА "Г. С. Раковски", финансирани от Министерството на отбраната
A417: 1281 | B417: Военна академия "Г. С. Раковски" - София
A418: 1282 | B418: Национален военен университет "Васил Левски" - Велико Търново
A419: 1283 | B419: Висше военноморско училище "Н. Й. Вапцаров" - Варна
B420: А.2.2) кодове на други разпоредители с бюджет по чл. 13, ал. 3 от ЗПФ
A421: 6100 | B421: Българска национална телевизия
A422: 6200 | B422: Българско национално радио
A423: 6300 | B423: Българска телеграфна агенция
...

Sheet INF
A1: step | B1: 140
A2: gotocell | B2: c786
A3: nextcell | B3: b1208
A4: INF copyrf | B4: i12:u152
A5: dejKN
B8: d618
A11: Step:
A12: 1 | T12: =(IF($E148<>0,$M$2,IF($L148<>0,$M$2,"")))
A13: 2 | T13: =(IF($E148<>0,$M$2,IF($L148<>0,$M$2,"")))
A14: 3 | I14: =$B$7 -> 0 | T14: =(IF($E148<>0,$M$2,IF($L148<>0,$M$2,"")))
A15: 4 | L15: за периода от | M15: до | O15: II.1. РАЗХОДИ ПО ДЕЙНОСТИ | T15: =(IF($E148<>0,$M$2,IF($L148<>0,$M$2,"")))
A16: 5 | I16: =$B$9 -> 0 | L16: =$E$9 -> 0 | M16: =$F$9 -> 0 | T16: =(IF($E148<>0,$M$2,IF($L148<>0,$M$2,"")))
A17: 6 | I17: =$B$10 -> 0 | T17: =(IF($E148<>0,$M$2,IF($L148<>0,$M$2,"")))
A18: 7 | T18: =(IF($E148<>0,$M$2,IF($L148<>0,$M$2,"")))
A19: 8 | I19: =$B$12 -> 0 | L19: код по ЕБК: | M19: =$F$12 -> 0 | T19: =(IF($E148<>0,$M$2,IF($L148<>0,$M$2,"")))
A20: 9 | I20: =$B$13 -> 0 | T20: =(IF($E148<>0,$M$2,IF($L148<>0,$M$2,"")))
A21: 10 | K21: ФИНАНСОВО-ПРАВНА ФОРМА | L21: =$E$15 -> 0 | M21: =$F$15 -> 0 | T21: =(IF($E148<>0,$M$2,IF($L148<>0,$M$2,"")))
A22: 11 | S22: =+$L$18 -> 0 | T22: =(IF($E148<>0,$M$2,IF($L148<>0,$M$2,"")))
A23: 12 | K23: II.1. РАЗХОДИ ПО ДЕЙНОСТИ | L23: =CONCATENATE("Уточнен план ",$C$3) -> Уточнен план | P23: =CONCATENATE("Отчет ",$C$3) -> Отчет | T23: =(IF($E148<>0,$M$2,IF($L148<>0,$M$2,"")))
A24: 13 | I24: §§ | J24: под-§§ | K24: НАИМЕНОВАНИЯ НА ПАРАГРАФИТЕ И ПОДПАРАГРАФИТЕ | L24: =$E$20 -> 0 | M24: =$F$20 -> 0 | N24: =$G$20 -> 0 | O24: =$H$20 -> 0 | P24: =$I$20 -> 0 | Q24: =$J$20 -> 0 | R24: =$K$20 -> 0 | S24: =$L$20 -> 0 | T24: =(IF($E148<>0,$M$2,IF($L148<>0,$M$2,"")))
A25: 14 | K25: 02 ¦ | L25: =$E$21 -> 0 | M25: =$F$21 -> 0 | N25: =$G$21 -> 0 | O25: =$H$21 -> 0 | P25: =$I$21 -> 0 | Q25: =$J$21 -> 0 | R25: =$K$21 -> ФИНАНСОВО-ПРАВНА ФОРМА | S25: =$L$21 -> 0 | T25: =(IF($E148<>0,$M$2,IF($L148<>0,$M$2,"")))
A26: 15 | J26: =VLOOKUP(K26,OP_LIST2,2,FALSE) -> #N/A | T26: =(IF($E148<>0,$M$2,IF($L148<>0,$M$2,"")))
A27: 16 | I27: оп/дейност | J27: =VLOOKUP(K28,EBK_DEIN2,2,FALSE) -> 0 | K27: <------ ДЕЙНОСТ - код по ЕБК | T27: =(IF($E148<>0,$M$2,IF($L148<>0,$M$2,"")))
A28: 17 | J28: =+J27 -> 0 | K28: ИЗБЕРЕТЕ ДЕЙНОСТ | T28: =(IF($E148<>0,$M$2,IF($L148<>0,$M$2,"")))
A29: 18 | K29: (наименование на дейността) | T29: =(IF($E148<>0,$M$2,IF($L148<>0,$M$2,"")))
A30: 19 | I30: 100 | J30: Заплати и възнаграждения за персонала, нает по трудови и служебни правоотношения | L30: =SUM(L31:L32) -> 0 | M30: =SUM(M31:M32) -> 0 | N30: =SUM(N31:N32) -> 0 | O30: =SUM(O31:O32) -> 0 | P30: =SUM(P31:P32) -> 0 | Q30: =SUM(Q31:Q32) -> 0 | R30: =SUM(R31:R32) -> 0 | S30: =SUM(S31:S32) -> 0 | T30: =(IF($E30<>0,$M$2,IF($L30<>0,$M$2,"")))
A31: 20 | J31: 101 | K31: заплати и възнаграждения на персонала нает по трудови правоотношения | L31: =M31+N31+O31 -> 0 | S31: =P31+Q31+R31 -> 0 | T31: =(IF($E31<>0,$M$2,IF($L31<>0,$M$2,"")))
A32: 21 | J32: 102 | K32: заплати и възнаграждения на персонала нает по служебни правоотношения | L32: =M32+N32+O32 -> 0 | S32: =P32+Q32+R32 -> 0 | T32: =(IF($E32<>0,$M$2,IF($L32<>0,$M$2,"")))
A33: 22 | I33: 200 | J33: Други възнаграждения и плащания за персонала | L33: =SUM(L34:L38) -> 0 | M33: =SUM(M34:M38) -> 0 | N33: =SUM(N34:N38) -> 0 | O33: =SUM(O34:O38) -> 0 | P33: =SUM(P34:P38) -> 0 | Q33: =SUM(Q34:Q38) -> 0 | R33: =SUM(R34:R38) -> 0 | S33: =SUM(S34:S38) -> 0 | T33: =(IF($E33<>0,$M$2,IF($L33<>0,$M$2,"")))
A34: 23 | J34: 201 | K34: за нещатен персонал нает по трудови правоотношения | L34: =M34+N34+O34 -> 0 | S34: =P34+Q34+R34 -> 0 | T34: =(IF($E34<>0,$M$2,IF($L34<>0,$M$2,"")))
A35: 24 | J35: 202 | K35: за персонала по извънтрудови правоотношения | L35: =M35+N35+O35 -> 0 | S35: =P35+Q35+R35 -> 0 | T35: =(IF($E35<>0,$M$2,IF($L35<>0,$M$2,"")))
A36: 25 | J36: 205 | K36: изплатени суми от СБКО за облекло и други на персонала, с характер на възнаграждение | L36: =M36+N36+O36 -> 0 | S36: =P36+Q36+R36 -> 0 | T36: =(IF($E36<>0,$M$2,IF($L36<>0,$M$2,"")))
A37: 26 | J37: 208 | K37: обезщетения за персонала, с характер на възнаграждение | L37: =M37+N37+O37 -> 0 | S37: =P37+Q37+R37 -> 0 | T37: =(IF($E37<>0,$M$2,IF($L37<>0,$M$2,"")))
A38: 27 | J38: 209 | K38: другиплащания и възнаграждения | L38: =M38+N38+O38 -> 0 | S38: =P38+Q38+R38 -> 0 | T38: =(IF($E38<>0,$M$2,IF($L38<>0,$M$2,"")))
A39: 28 | I39: 500 | J39: Задължителни осигурителни вноски от работодатели | L39: =SUM(L40:L46) -> 0 | M39: =SUM(M40:M46) -> 0 | N39: =SUM(N40:N46) -> 0 | O39: =SUM(O40:O46) -> 0 | P39: =SUM(P40:P46) -> 0 | Q39: =SUM(Q40:Q46) -> 0 | R39: =SUM(R40:R46) -> 0 | S39: =SUM(S40:S46) -> 0 | T39: =(IF($E39<>0,$M$2,IF($L39<>0,$M$2,"")))
A40: 29 | J40: 551 | K40: осигурителни вноски от работодатели за Държавното обществено осигуряване (ДОО) | L40: =M40+N40+O40 -> 0 | S40: =P40+Q40+R40 -> 0 | T40: =(IF($E40<>0,$M$2,IF($L40<>0,$M$2,"")))
A41: 30 | J41: 552 | K41: осигурителни вноски от работодатели за Учителския пенсионен фонд (УчПФ) | L41: =M41+N41+O41 -> 0 | S41: =P41+Q41+R41 -> 0 | T41: =(IF($E41<>0,$M$2,IF($L41<>0,$M$2,"")))
A42: 31 | J42: 558 | K42: вноски по чл. 4б и 4в от КСО за сметка на осигурителя | L42: =M42+N42+O42 -> 0 | M42: 0 | N42: 0 | O42: 0 | P42: 0 | Q42: 0 | R42: 0 | S42: =P42+Q42+R42 -> 0 | T42: =(IF($E42<>0,$M$2,IF($L42<>0,$M$2,"")))
A43: 31 | J43: 560 | K43: здравно-осигурителни вноски от работодатели | L43: =M43+N43+O43 -> 0 | S43: =P43+Q43+R43 -> 0 | T43: =(IF($E43<>0,$M$2,IF($L43<>0,$M$2,"")))
A44: 32 | J44: 580 | K44: вноски за допълнително задължително осигуряване от работодатели | L44: =M44+N44+O44 -> 0 | S44: =P44+Q44+R44 -> 0 | T44: =(IF($E44<>0,$M$2,IF($L44<>0,$M$2,"")))
A45: 33 | J45: 588 | K45: коректив на вноски за ДЗПО за сумите по чл. 4б и 4в от КСО за сметка на осигурителя | L45: =M45+N45+O45 -> 0 | M45: 0 | N45: 0 | O45: 0 | P45: 0 | Q45: 0 | R45: 0 | S45: =P45+Q45+R45 -> 0 | T45: =(IF($E45<>0,$M$2,IF($L45<>0,$M$2,"")))
A46: 33 | J46: 590 | K46: задължителни вноски за чуждестранни пенсионни фондове и схеми за сметка на осигурителя | L46: =M46+N46+O46 -> 0 | S46: =P46+Q46+R46 -> 0 | T46: =(IF($E46<>0,$M$2,IF($L46<>0,$M$2,"")))
A47: 34 | I47: 800 | J47: Вноски за доброволно осигуряване | L47: =M47+N47+O47 -> 0 | S47: =P47+Q47+R47 -> 0 | T47: =(IF($E47<>0,$M$2,IF($L47<>0,$M$2,"")))
A48: 35 | I48: 1000 | J48: Издръжка | L48: =SUM(L49:L65) -> 0 | M48: =SUM(M49:M65) -> 0 | N48: =SUM(N49:N65) -> 0 | O48: =SUM(O49:O65) -> 0 | P48: =SUM(P49:P65) -> 0 | Q48: =SUM(Q49:Q65) -> 0 | R48: =SUM(R49:R65) -> 0 | S48: =SUM(S49:S65) -> 0 | T48: =(IF($E48<>0,$M$2,IF($L48<>0,$M$2,"")))
A49: 36 | J49: 1011 | K49: Храна | L49: =M49+N49+O49 -> 0 | S49: =P49+Q49+R49 -> 0 | T49: =(IF($E49<>0,$M$2,IF($L49<>0,$M$2,"")))
A50: 37 | J50: 1012 | K50: Медикаменти | L50: =M50+N50+O50 -> 0 | S50: =P50+Q50+R50 -> 0 | T50: =(IF($E50<>0,$M$2,IF($L50<>0,$M$2,"")))
A51: 38 | J51: 1013 | K51: Постелен инвентар и облекло | L51: =M51+N51+O51 -> 0 | S51: =P51+Q51+R51 -> 0 | T51: =(IF($E51<>0,$M$2,IF($L51<>0,$M$2,"")))
A52: 39 | J52: 1014 | K52: Учебни и научно-изследователски разходи и книги за библиотеките | L52: =M52+N52+O52 -> 0 | S52: =P52+Q52+R52 -> 0 | T52: =(IF($E52<>0,$M$2,IF($L52<>0,$M$2,"")))
A53: 40 | J53: 1015 | K53: материали | L53: =M53+N53+O53 -> 0 | S53: =P53+Q53+R53 -> 0 | T53: =(IF($E53<>0,$M$2,IF($L53<>0,$M$2,"")))
A54: 41 | J54: 1016 | K54: вода, горива и енергия | L54: =M54+N54+O54 -> 0 | S54: =P54+Q54+R54 -> 0 | T54: =(IF($E54<>0,$M$2,IF($L54<>0,$M$2,"")))
A55: 42 | J55: 1020 | K55: разходи за външни услуги | L55: =M55+N55+O55 -> 0 | S55: =P55+Q55+R55 -> 0 | T55: =(IF($E55<>0,$M$2,IF($L55<>0,$M$2,"")))
A56: 43 | J56: 1030 | K56: Текущ ремонт | L56: =M56+N56+O56 -> 0 | S56: =P56+Q56+R56 -> 0 | T56: =(IF($E56<>0,$M$2,IF($L56<>0,$M$2,"")))
A57: 44 | J57: 1051 | K57: командировки в страната | L57: =M57+N57+O57 -> 0 | S57: =P57+Q57+R57 -> 0 | T57: =(IF($E57<>0,$M$2,IF($L57<>0,$M$2,"")))
A58: 45 | J58: 1052 | K58: краткосрочни командировки в чужбина | L58: =M58+N58+O58 -> 0 | S58: =P58+Q58+R58 -> 0 | T58: =(IF($E58<>0,$M$2,IF($L58<>0,$M$2,"")))
A59: 46 | J59: 1053 | K59: дългосрочни командировки в чужбина | L59: =M59+N59+O59 -> 0 | S59: =P59+Q59+R59 -> 0 | T59: =(IF($E59<>0,$M$2,IF($L59<>0,$M$2,"")))
A60: 47 | J60: 1062 | K60: разходи за застраховки | L60: =M60+N60+O60 -> 0 | S60: =P60+Q60+R60 -> 0 | T60: =(IF($E60<>0,$M$2,IF($L60<>0,$M$2,"")))
... A65: 52 | J65: 1098 | K65: други разходи, некласифицирани в другите параграфи и подпараграфи | L65: =M65+N65+O65 -> 0 | S65: =P65+Q65+R65 -> 0 | T65: =(IF($E65<>0,$M$2,IF($L65<>0,$M$2,"")))
A66: 53 | I66: 1900 | J66: Платени данъци, такси и административни санкции | L66: =SUM(L67:L69) -> 0 | M66: =SUM(M67:M69) -> 0 | N66: =SUM(N67:N69) -> 0 | O66: =SUM(O67:O69) -> 0 | P66: =SUM(P67:P69) -> 0 | Q66: =SUM(Q67:Q69) -> 0 | R66: =SUM(R67:R69) -> 0 | S66: =SUM(S67:S69) -> 0 | T66: =(IF($E66<>0,$M$2,IF($L66<>0,$M$2,"")))
A67: 54 | J67: 1901 | K67: платени държавни данъци, такси, наказателни лихви и административни санкции | L67: =M67+N67+O67 -> 0 | S67: =P67+Q67+R67 -> 0 | T67: =(IF($E67<>0,$M$2,IF($L67<>0,$M$2,"")))
A68: 55 | J68: 1981 | K68: платени общински данъци, такси, наказателни лихви и административни санкции | L68: =M68+N68+O68 -> 0 | S68: =P68+Q68+R68 -> 0 | T68: =(IF($E68<>0,$M$2,IF($L68<>0,$M$2,"")))
A69: 56 | J69: 1991 | K69: платени данъци, такси, наказателни лихви и административни санкции в чужбина | L69: =M69+N69+O69 -> 0 | S69: =P69+Q69+R69 -> 0 | T69: =(IF($E69<>0,$M$2,IF($L69<>0,$M$2,"")))
A70: 57 | I70: 2100 | J70: Разходи за лихви по емисии на държавни (общински) ценни книжа | L70: =SUM(L71:L75) -> 0 | M70: =SUM(M71:M75) -> 0 | N70: =SUM(N71:N75) -> 0 | O70: =SUM(O71:O75) -> 0 | P70: =SUM(P71:P75) -> 0 | Q70: =SUM(Q71:Q75) -> 0 | R70: =SUM(R71:R75) -> 0 | S70: =SUM(S71:S75) -> 0 | T70: =(IF($E70<>0,$M$2,IF($L70<>0,$M$2,"")))
A71: 58 | J71: 2110 | K71: лихви по държавни (общински) ценни книжа | L71: =M71+N71+O71 -> 0 | S71: =P71+Q71+R71 -> 0 | T71: =(IF($E71<>0,$M$2,IF($L71<>0,$M$2,"")))
A72: 59 | J72: 2120 | K72: отстъпки по държавни (общински) ценни книжа | L72: =M72+N72+O72 -> 0 | S72: =P72+Q72+R72 -> 0 | T72: =(IF($E72<>0,$M$2,IF($L72<>0,$M$2,"")))
A73: 60 | J73: 2125 | K73: лихви и отстъпки по целеви емисии на държавни ценни книжа | L73: =M73+N73+O73 -> 0 | M73: 0 | N73: 0 | O73: 0 | P73: 0 | Q73: 0 | R73: 0 | S73: =P73+Q73+R73 -> 0 | T73: =(IF($E73<>0,$M$2,IF($L73<>0,$M$2,"")))
A74: 61 | J74: 2140 | K74: лихви по държавни ценни книжа, емитирани за структурната реформа | L74: =M74+N74+O74 -> 0 | M74: 0 | N74: 0 | O74: 0 | P74: 0 | Q74: 0 | R74: 0 | S74: =P74+Q74+R74 -> 0 | T74: =(IF($E74<>0,$M$2,IF($L74<>0,$M$2,"")))
A75: 62 | J75: 2190 | K75: премии над номинала от емисии на държавни (общински) ценни книжа (-) | L75: =M75+N75+O75 -> 0 | S75: =P75+Q75+R75 -> 0 | T75: =(IF($E75<>0,$M$2,IF($L75<>0,$M$2,"")))
A76: 63 | I76: 2200 | J76: Разходи за лихви по заеми от страната | L76: =SUM(L77:L78) -> 0 | M76: =SUM(M77:M78) -> 0 | N76: =SUM(N77:N78) -> 0 | O76: =SUM(O77:O78) -> 0 | P76: =SUM(P77:P78) -> 0 | Q76: =SUM(Q77:Q78) -> 0 | R76: =SUM(R77:R78) -> 0 | S76: =SUM(S77:S78) -> 0 | T76: =(IF($E76<>0,$M$2,IF($L76<>0,$M$2,"")))
A77: 64 | J77: 2221 | K77: Разходи за лихви по заеми от банки в страната | L77: =M77+N77+O77 -> 0 | S77: =P77+Q77+R77 -> 0 | T77: =(IF($E77<>0,$M$2,IF($L77<>0,$M$2,"")))
A78: 65 | J78: 2224 | K78: Разходи за лихви по други заеми от страната | L78: =M78+N78+O78 -> 0 | S78: =P78+Q78+R78 -> 0 | T78: =(IF($E78<>0,$M$2,IF($L78<>0,$M$2,"")))
A79: 66 | I79: 2500 | J79: Разходи за лихви по заеми от други държави | L79: =M79+N79+O79 -> 0 | S79: =P79+Q79+R79 -> 0 | T79: =(IF($E79<>0,$M$2,IF($L79<>0,$M$2,"")))
A80: 67 | I80: 2600 | J80: Разходи за лихви по заеми от международни организации и институции | L80: =M80+N80+O80 -> 0 | S80: =P80+Q80+R80 -> 0 | T80: =(IF($E80<>0,$M$2,IF($L80<>0,$M$2,"")))
A81: 68 | I81: 2700 | J81: Разходи за лихви по заеми от банки и други финансови институции от чужбина | L81: =M81+N81+O81 -> 0 | S81: =P81+Q81+R81 -> 0 | T81: =(IF($E81<>0,$M$2,IF($L81<>0,$M$2,"")))
A82: 69 | I82: 2800 | J82: Разходи за лихви и отстъпки по облигации, емитирани и търгувани на международните капиталови пазари | L82: =SUM(L83:L85) -> 0 | M82: =SUM(M83:M85) -> 0 | N82: =SUM(N83:N85) -> 0 | O82: =SUM(O83:O85) -> 0 | P82: =SUM(P83:P85) -> 0 | Q82: =SUM(Q83:Q85) -> 0 | R82: =SUM(R83:R85) -> 0 | S82: =SUM(S83:S85) -> 0 | T82: =(IF($E82<>0,$M$2,IF($L82<>0,$M$2,"")))
A83: 70 | J83: 2810 | K83: лихви по облигации, емитирани на международните капиталови пазари | L83: =M83+N83+O83 -> 0 | S83: =P83+Q83+R83 -> 0 | T83: =(IF($E83<>0,$M$2,IF($L83<>0,$M$2,"")))
A84: 71 | J84: 2820 | K84: отстъпки по облигации, емитирани на международните капиталови пазари | L84: =M84+N84+O84 -> 0 | S84: =P84+Q84+R84 -> 0 | T84: =(IF($E84<>0,$M$2,IF($L84<>0,$M$2,"")))
A85: 71 | J85: 2890 | K85: премии над номинала на облигации, емитирани и търгувани на международните капиталови пазари (-) | L85: =M85+N85+O85 -> 0 | S85: =P85+Q85+R85 -> 0 | T85: =(IF($E85<>0,$M$2,IF($L85<>0,$M$2,"")))
A86: 72 | I86: 2900 | J86: Други разходи за лихви | L86: =SUM(L87:L94) -> 0 | M86: =SUM(M87:M94) -> 0 | N86: =SUM(N87:N94) -> 0 | O86: =SUM(O87:O94) -> 0 | P86: =SUM(P87:P94) -> 0 | Q86: =SUM(Q87:Q94) -> 0 | R86: =SUM(R87:R94) -> 0 | S86: =SUM(S87:S94) -> 0 | T86: =(IF($E86<>0,$M$2,IF($L86<>0,$M$2,"")))
A87: 73 | J87: 2910 | K87: Платени лихви по финансов лизинг и търговски кредит | L87: =M87+N87+O87 -> 0 | S87: =P87+Q87+R87 -> 0 | T87: =(IF($E87<>0,$M$2,IF($L87<>0,$M$2,"")))
A88: 74 | J88: 2920 | K88: Платени лихви по активирани гаранции по заеми от банки в страната | L88: =M88+N88+O88 -> 0 | S88: =P88+Q88+R88 -> 0 | T88: =(IF($E88<>0,$M$2,IF($L88<>0,$M$2,"")))
A89: 75 | J89: 2969 | K89: Платени лихви по активирани гаранции по заеми от международни организации и институции | L89: =M89+N89+O89 -> 0 | S89: =P89+Q89+R89 -> 0 | T89: =(IF($E89<>0,$M$2,IF($L89<>0,$M$2,"")))
A90: 75 | J90: 2970 | K90: Платени лихви по активирани гаранции по заеми от банки и финансови институции от чужбина | L90: =M90+N90+O90 -> 0 | S90: =P90+Q90+R90 -> 0 | T90: =(IF($E90<>0,$M$2,IF($L90<>0,$M$2,"")))
A91: 76 | J91: 2989 | K91: Възстановени суми по платени лихви по активирани гаранции (-) | L91: =M91+N91+O91 -> 0 | S91: =P91+Q91+R91 -> 0 | T91: =(IF($E91<>0,$M$2,IF($L91<>0,$M$2,"")))
A92: 77 | J92: 2990 | K92: Платени лихви по активирани гаранции по заеми от банки в страната | L92: =M92+N92+O92 -> 0 | S92: =P92+Q92+R92 -> 0 | T92: =(IF($E92<>0,$M$2,IF($L92<>0,$M$2,"")))
A93: 78 | J93: 2991 | K93: Други разходи за лихви към местни лица | L93: =M93+N93+O93 -> 0 | S93: =P93+Q93+R93 -> 0 | T93: =(IF($E93<>0,$M$2,IF($L93<>0,$M$2,"")))
A94: 79 | J94: 2992 | K94: Други разходи за лихви към чуждестранни лица | L94: =M94+N94+O94 -> 0 | S94: =P94+Q94+R94 -> 0 | T94: =(IF($E94<>0,$M$2,IF($L94<>0,$M$2,"")))
A95: 80 | I95: 3300 | J95: Вноска в общия бюджет на Европейския съюз | L95: =SUM(L96:L100) -> 0 | M95: =SUM(M96:M100) -> 0 | N95: =SUM(N96:N100) -> 0 | O95: =SUM(O96:O100) -> 0 | P95: =SUM(P96:P100) -> 0 | Q95: =SUM(Q96:Q100) -> 0 | R95: =SUM(R96:R100) -> 0 | S95: =SUM(S96:S100) -> 0 | T95: =(IF($E95<>0,$M$2,IF($L95<>0,$M$2,"")))
A96: 81 | J96: 3301 | K96: ресурс на база брутен национален доход | L96: =M96+N96+O96 -> 0 | M96: 0 | N96: 0 | O96: 0 | P96: 0 | Q96: 0 | R96: 0 | S96: =P96+Q96+R96 -> 0 | T96: =(IF($E96<>0,$M$2,IF($L96<>0,$M$2,"")))
A97: 83 | J97: 3302 | K97: ресурс на база данък върху добавената стойност | L97: =M97+N97+O97 -> 0 | M97: 0 | N97: 0 | O97: 0 | P97: 0 | Q97: 0 | R97: 0 | S97: =P97+Q97+R97 -> 0 | T97: =(IF($E97<>0,$M$2,IF($L97<>0,$M$2,"")))
A98: 84 | J98: 3304 | K98: традиционни собствени ресурси - мита | L98: =M98+N98+O98 -> 0 | M98: 0 | N98: 0 | O98: 0 | P98: 0 | Q98: 0 | R98: 0 | S98: =P98+Q98+R98 -> 0 | T98: =(IF($E98<>0,$M$2,IF($L98<>0,$M$2,"")))
A99: 85 | J99: 3306 | K99: участие във финансирането на брутното намаление за Австрия, Дания, Германия, Нидерландия и Швеция и вноска за корекция за неучастие на съответни държави членки в някои политики за свобода, сигурност и правосъдие | L99: =M99+N99+O99 -> 0 | M99: 0 | N99: 0 | O99: 0 | P99: 0 | Q99: 0 | R99: 0 | S99: =P99+Q99+R99 -> 0 | T99: =(IF($E99<>0,$M$2,IF($L99<>0,$M$2,"")))
A100: 86 | J100: 3307 | K100: ресурс на база нерециклираните отпадъци от опаковки от пластмаса | L100: =M100+N100+O100 -> 0 | M100: 0 | N100: 0 | O100: 0 | P100: 0 | Q100: 0 | R100: 0 | S100: =P100+Q100+R100 -> 0 | T100: =(IF($E100<>0,$M$2,IF($L100<>0,$M$2,"")))
A101: 87 | I101: 3900 | J101: Здравно-осигурителни плащания | L101: =M101+N101+O101 -> 0 | M101: 0 | N101: 0 | O101: 0 | P101: 0 | Q101: 0 | R101: 0 | S101: =P101+Q101+R101 -> 0 | T101: =(IF($E101<>0,$M$2,IF($L101<>0,$M$2,"")))
A102: 88 | I102: 4000 | J102: Стипендии | L102: =M102+N102+O102 -> 0 | S102: =P102+Q102+R102 -> 0 | T102: =(IF($E102<>0,$M$2,IF($L102<>0,$M$2,"")))
A103: 89 | I103: 4100 | J103: Пенсии | L103: =M103+N103+O103 -> 0 | M103: 0 | N103: 0 | O103: 0 | P103: 0 | Q103: 0 | R103: 0 | S103: =P103+Q103+R103 -> 0 | T103: =(IF($E103<>0,$M$2,IF($L103<>0,$M$2,"")))
A104: 90 | I104: 4200 | J104: Текущи трансфери, обезщетения и помощи за домакинствата | L104: =SUM(L105:L110) -> 0 | M104: =SUM(M105:M110) -> 0 | N104: =SUM(N105:N110) -> 0 | O104: =SUM(O105:O110) -> 0 | P104: =SUM(P105:P110) -> 0 | Q104: =SUM(Q105:Q110) -> 0 | R104: =SUM(R105:R110) -> 0 | S104: =SUM(S105:S110) -> 0 | T104: =(IF($E104<>0,$M$2,IF($L104<>0,$M$2,"")))
A105: 91 | J105: 4201 | K105: обезщетения и помощи по социалното осигуряване | L105: =M105+N105+O105 -> 0 | S105: =P105+Q105+R105 -> 0 | T105: =(IF($E105<>0,$M$2,IF($L105<>0,$M$2,"")))
A106: 92 | J106: 4202 | K106: обезщетения и помощи по социалното подпомагане | L106: =M106+N106+O106 -> 0 | S106: =P106+Q106+R106 -> 0 | T106: =(IF($E106<>0,$M$2,IF($L106<>0,$M$2,"")))
A107: 93 | J107: 4214 | K107: обезщетения и помощи по решение на общинския съвет | L107: =M107+N107+O107 -> 0 | S107: =P107+Q107+R107 -> 0 | T107: =(IF($E107<>0,$M$2,IF($L107<>0,$M$2,"")))
A108: 94 | J108: 4217 | K108: текущи трансфери за домакинства от средства на Европейския съюз | L108: =M108+N108+O108 -> 0 | S108: =P108+Q108+R108 -> 0 | T108: =(IF($E108<>0,$M$2,IF($L108<>0,$M$2,"")))
...
